 Dungeon Crawl Stone Soup version 0.19-a0-14-gde87d98 (webtiles) character file.

15886411 namelastname112 the Infernalist (level 27, 224/300 HPs)
             Began as a Red Draconian Conjurer on Apr 28, 2016.
             Was the Champion of Vehumet.
             Escaped with the Orb
             ... and 15 runes on Apr 29, 2016!
             The game lasted 07:37:40 (101517 turns).

namelastname112 the Infernalist (DrCj)            Turns: 101517, Time: 07:37:41

Health: 224/300    AC: 25    Str: 16    XL:     27
Magic:  86/86      EV: 36    Int: 37    God:    Vehumet [******]
Gold:   11646      SH: 13    Dex: 21    Spells: 12 memorised, 18 levels left

rFire  + + +     SeeInvis .     J - staff of fire
rCold  + + +     Gourm    .     (armour unavailable)
rNeg   + + +     Faith    .     N - +1 buckler of Nehiyd {MP+9}
rPois  ∞         Spirit   .     R - -2 hat of the Alchemist {rElec rPois rF+ rC+ rN+ MR+ rMut rCorr}
rElec  +         Dismiss  .     S - +2 cloak "Ahaxinag" {MP+9 Str+3}
rCorr  +         Reflect  .     L - +1 pair of gloves of Intuition {Dex+4}
rMut   +         Harm     .     A - +2 pair of boots of the Assassin {DetectMon Stab+ Stlth++}
SustAt +                        u - macabre finger necklace {rN+}
MR     ++++.                    n - ring "Ontargh" {SustAt rC+ MP+9 Dex+4}
Stlth  ++........               x - ring "Utiuwkef" {Wiz rC+++ MR- Dex+6}
                                w - ring "Voust" {SustAt rF+ Int+4 Slay+2}

@: lich-form, flying, delayed fireball, deflect missiles, incredibly resistant
to hostile enchantments, unstealthy
A: (breathe fire), unfitting armour, antennae 2, big wings, stinger 2, talons 2,
clever 1, cold resistance 1, fire resistance 2, high mp 1, magic resistance 1,
robust 1, electricity resistance, cold-blooded, AC +13
a: Stop Flying, End Transformation, Renounce Religion, Release Delayed Fireball
0: Orb of Zot
}: 15/15 runes: decaying, slimy, silver, golden, iron, obsidian, icy, bone,
abyssal, demonic, glowing, magical, fiery, dark, gossamer


You escaped.
You worshipped Vehumet.
Vehumet was exalted by your worship.
You were not hungry.
You were a lich.
You visited 18 branches of the dungeon, and saw 93 of its levels.
You visited Pandemonium 1 time, and saw 23 of its levels.
You visited the Abyss 3 times.
You completed 3 ziggurats, and saw 81 of their levels.
You also visited: Ossuary, Ice Cave and Wizlab.

You collected 14494 gold pieces.
You spent 2772 gold pieces at shops.

Inventory:

Hand Weapons
 g - the +4 Staff of Dispater
   (You took it off Dispater on level 7 of the Iron City of Dis)
 E - the +17 lance "Wyrmbane" {slay drac, +Rage rPois rF+ AC+5}
   (You found it on level 21 of a ziggurat)

   It affects your AC (+5).
   It protects you from fire.
   It protects you from poison.
   It lets you go berserk.
Armour
 A - the +2 pair of boots of the Assassin (worn) {DetectMon Stab+ Stlth++}
   (You found it on level 4 of the Dungeon)

   It makes you much more stealthy.
 L - the +1 pair of gloves of Intuition (worn) {Dex+4}
   (You found it on level 7 of the Dungeon)

   It affects your dexterity (+4).
 N - the +1 buckler of Nehiyd (worn) {MP+9}
   (You bought it in a shop on level 3 of the Vaults)

   It affects your magic capacity (+9).
 R - the -2 hat of the Alchemist (worn) {rElec rPois rF+ rC+ rN+ MR+ rMut rCorr}
   (You found it on level 12 of a ziggurat)

   It protects you from fire.
   It protects you from cold.
   It insulates you from electricity.
   It protects you from poison.
   It protects you from negative energy.
   It affects your resistance to hostile enchantments.
   It protects you from acid and corrosion.
   It protects you from mutation.
 S - the +2 cloak "Ahaxinag" (worn) {MP+9 Str+3}
   (You found it on level 25 of a ziggurat)

   It affects your strength (+3).
   It affects your magic capacity (+9).
Magical Staves
 J - an uncursed staff of fire (weapon)
 U - an uncursed staff of energy
Rods
 M - a +3 rod of inaccuracy (14/14)
   (You found it on level 11 of a ziggurat)
 P - a +2 lightning rod (12/12)
   (You found it on level 25 of a ziggurat)
Jewellery
 n - the ring "Ontargh" (right hand) {SustAt rC+ MP+9 Dex+4}
   (You found it on level 8 of the Dungeon)

   [ring of sustain attributes]

   It sustains your strength, intelligence and dexterity.
   It affects your dexterity (+4).
   It protects you from cold.
   It affects your magic capacity (+9).
 u - the macabre finger necklace (around neck) {rN+}
   (You found it on level 26 of a ziggurat)

   [amulet of nothing]

   It protects you from negative energy.
 w - the ring "Voust" (on amulet) {SustAt rF+ Int+4 Slay+2}
   (You found it on level 20 of a ziggurat)

   [ring of sustain attributes]

   It sustains your strength, intelligence and dexterity.
   It affects your intelligence (+4).
   It affects your accuracy and damage with ranged weapons and melee attacks
   (+2).
   It protects you from fire.
 x - the ring "Utiuwkef" (left hand) {Wiz rC+++ MR- Dex+6}
   (You found it on level 26 of a ziggurat)

   [ring of wizardry]

   It improves your spell success rate.
   It affects your dexterity (+6).
   It renders you almost immune to cold.
   It affects your resistance to hostile enchantments.
 I - the amulet "Pietwech" {Harm *Drain rN+ Dex+4, unknown}
   (You took it off a balrug on level 7 of Gehenna)

   [amulet of harm]

   It increases damage dealt and taken.
   It affects your dexterity (+4).
   It protects you from negative energy.
Wands
 C - a wand of hasting (2/9)
 V - a wand of teleportation (7/9)
 W - a wand of heal wounds (6/9)
Scrolls
 c - 14 scrolls of blinking
 j - 10 scrolls of summoning
 q - 10 scrolls of fear
 r - 32 scrolls of teleportation
 v - 45 scrolls of fog
 D - 26 scrolls of recharging
 G - 57 scrolls of remove curse
 H - 3 scrolls of magic mapping
 T - 8 scrolls of identify
Potions
 a - 39 potions of cure mutation
 d - a potion of cancellation
 i - 9 potions of haste
 k - 9 potions of resistance
 p - 27 potions of curing
 y - 8 potions of brilliance
 z - 5 potions of magic
 B - 7 potions of heal wounds
 F - 10 potions of agility
 K - 6 potions of invisibility
 Q - 6 potions of might
Miscellaneous
 e - 3 phantom mirrors
 f - a legendary deck of wonders {the Alchemist, drawn: 2}
 h - a figurine of a ziggurat
 l - a disc of storms
 o - the horn of Geryon
 s - a crystal ball of energy
 O - a fan of gales
 X - a phial of floods
 Y - a sack of spiders
 Z - a box of beasts {used: 5}
Comestibles
 b - 35 bread rations
 m - 33 royal jellies
 t - 44 fruits


   Skills:
 O Level 27 Fighting
 O Level 27 Polearms
 O Level 27 Staves
 O Level 27 Dodging
 - Level 1.7 Stealth
 + Level 25.6 Shields
 O Level 27 Spellcasting
 O Level 27 Conjurations
 - Level 4.3 Hexes
 O Level 27 Charms
 - Level 20.0 Necromancy
 - Level 18.3 Transmutations
 O Level 27 Fire Magic
 O Level 27 Evocations


You had 18 spell levels left.
You knew the following spells:

 Your Spells              Type           Power        Failure   Level  Hunger
a - Necromutation         Trmt/Necr      ########..   1%          8    N/A
b - Blink                 Tloc           N/A          1%          2    N/A
c - Fireball              Conj/Fire      #########.   0%          5    N/A
d - Delayed Fireball      Conj/Fire      N/A          1%          7    N/A
e - Fire Storm            Conj/Fire      #########.   1%          9    N/A
f - Ring of Flames        Chrm/Fire      #########.   1%          7    N/A
g - Deflect Missiles      Chrm/Air       #######...   1%          6    N/A
h - Apportation           Tloc           #####.....   1%          1    N/A
j - Invisibility          Hex            ######..     4%          6    N/A
s - Sticky Flame          Conj/Fire      ########     0%          4    N/A
w - Orb of Destruction    Conj           ########..   1%          7    N/A
x - Bolt of Magma         Conj/Fire/Erth ########..   0%          5    N/A

Dungeon Overview and Level Annotations

Branches:
Dungeon (15/15)            Temple (1/1) D:5            Lair (8/8) D:8
  Swamp (4/4) Lair:6       Spider (4/4) Lair:5        Slime (6/6) Lair:7
    Orc (2/2) D:12            Elf (3/3) Orc:2        Vaults (5/5) D:14
  Crypt (3/3) Vaults:3       Tomb (3/3) Crypt:3      Depths (5/5) D:15
   Hell (1/1)                 Dis (7/7) Hell            Geh (7/7) Hell
    Coc (7/7) Hell            Tar (7/7) Hell            Zot (5/5) Depths:5

Altars:
Ashenzari
Cheibriados
Dithmenos
Elyvilon
Fedhas
Gozag
Kikubaaqudgha
Makhleb
Nemelex Xobeh
Okawaru
Pakellas
Qazlal
Ru
Sif Muna
Trog
Vehumet
Xom
Yredelemnul
Zin
The Shining One

Shops:
D:9 =   D:12 (?:[   Orc:2 !!::   Elf:2 }   Elf:3 (*   Vaults:3 *[=   Vaults:4 (
Depths:1 *   Depths:3 (

Portals:
Hell: Depths:1 Depths:2 Depths:3
Abyss: Depths:3
Pandemonium: Depths:3
Ziggurat: Lair:1

Annotations:
Elf:2 5 runed doors, Mara
Coc:7 exclusion: ice statue
Zot:5 exclusion: obsidian statue


Innate Abilities, Weirdness & Mutations

((You can breathe blasts of fire.))
Your fiery red scales are hard (AC +13).
Your body does not fit into most forms of armour.
Your flesh is very heat resistant.
You are cold-blooded and may be slowed by cold attacks.
You have a pair of antennae on your head.
Your large and strong wings let you fly indefinitely.
Your tail ends in a sharp poisonous barb.
You have razor-sharp toenails.
Your mind is acute. (Int +2)
Your flesh is cold resistant.
You have an increased reservoir of magic (+10% MP).
You are resistant to hostile enchantments.
You are robust (+10% HP).
You are resistant to electric shocks.


Message History

Something smites you!
You take 31 damage, and have 228/300 hp.
The Executioner completely misses you. The Executioner barely misses you.
The Executioner completely misses you. You block the Executioner's attack.
The Executioner completely misses you. x2
A smoke demon and an efreet come into view.
The smoke demon roars!
The smoke demon gestures at you. Something smites you!
You take 10 damage, and have 220/300 hp.
The smoke demon gestures at you. The ball of steam misses you.
The smoke demon gestures at you. The sticky flame misses you.
The smoke demon gestures at you. The sticky flame misses you.
The efreet completely misses you.
There is a staircase leading out of the dungeon here.
The red devil closely misses you. You block the efreet's attack.
You have escaped!

#...#≈.≈#≈≈§#
##...
#...#≈.≈#≈≈.#
###.
#...#≈.≈#≈..#
##
#...#...#...#
#........3..#
#...........#
#......4....#
#....R3.....#
#.....L.....#
#...........#
#############


You could see 2 smoke demons, an efreet and a red devil.

Vanquished Creatures
  Antaeus (Coc:7)
  Asmodeus (Geh:7)
  the Royal Jelly (Slime:6)
  Ignacio (Pan)
  Gloorx Vloq (Pan)
  Ereshkigal (Tar:7)
  Lom Lobon (Pan)
  Mnoleg (Pan)
  the Serpent of Hell (Geh:7)
  6 orbs of fire
  7 juggernauts
  45 ancient liches
  70 greater mummies
  Boris (Vaults:5)
  Norris (Depths:1)
  Geryon (Hell)
  11 shard shrikes
  10 Killer Klowns
  A curse toe (Crypt:3)
  7 caustic shrikes
  11 profane servitors
  A mutant beast (WizLab)
  Xtahua (Vaults:5)
  8 iron giants
  20 bone dragons
  23 golden dragons
  64 starcursed masses
  27 Tzitzimimeh
  12 doom hounds
  29 Brimstone Fiends
  4 electric golems
  7 hellephants
  21 pandemonium lords
  37 liches
  15 tentacled monstrosities
  22 Hell Sentinels
  26 Orb Guardians
  Rupert (D:15)
  Asterion (Vaults:2)
  27 titans
  5 quicksilver dragons
  25 Ice Fiends
  13 deep elf blademasters
  19 Executioners
  19 sphinxes
  10 deep elf master archers
  13 tentacled starspawn
  92 acid blobs
  2 death cobs
  A sphinx (shapeshifter) (Zig:19)
  10 shadow dragons
  3 thorn hunters
  A shadow dragon (shapeshifter) (Zig:19)
  3 tengu reavers
  55 ancient champions
  Roxanne (Spider:1)
  38 revenants
  12 draconian monks
  5 warmongers
  57 greater nagas
  14 storm dragons
  Wiglaf (Vaults:4)
  52 azure jellies
  A frost giant (shapeshifter) (Zig:19)
  Donald (Swamp:1)
  9 daevas
  8 fire giants
  22 ghost moths
  22 draconian knights
  23 vault wardens
  19 frost giants
  9 iron dragons
  15 deep elf sorcerers
  51 balrugs
  A ghost moth (shapeshifter) (Zig:26)
  14 orc warlords
  25 draconian zealots
  15 draconian scorchers
  19 emperor scorpions
  5 deep elf elementalists
  27 ironheart preservers
  4 juggernaut zombies
  16 draconian shifters
  24 cacodemons
  11 caustic shrike zombies
  28 curse skulls
  16 ghouls
  71 reapers
  22 draconian annihilators
  6 caustic shrike skeletons
  4 angels
  33 war gargoyles
  An elemental wellspring (Coc:7)
  A spriggan defender (Depths:2)
  22 very ugly things
  40 stone giants
  2 apis (shapeshifter) (Zig:19)
  3 apis (Pan)
  16 draconian callers
  A stone giant (shapeshifter) (Zig:4)
  11 blood saints
  3 ophanim
  18 deep elf demonologists
  13 purple draconians
  9 juggernaut skeletons
  10 salamander stormcallers
  41 vampire knights
  18 deep elf annihilators
  9 dire elephants
  20 bennus
  15 black suns
  5 mottled draconians
  12 lorocyprocas
  Azrael (D:15)
  5 black draconians
  13 white draconians
  12 corrupters
  8 green draconians
  Nessos (Lair:6)
  14 spark wasps
  14 yellow draconians
  11 red draconians
  15 chaos champions
  37 eidola
  50 blizzard demons
  8 merfolk javelineers
  31 deep elf death magi
  11 ettins
  The ghost of ololoev the Earth Mage, a journeyman GrEE of Vehumet (D:15)
  10 quicksilver dragon zombies
  87 mummy priests
  14 death oozes
  A crystal guardian (Abyss:3)
  A fire dragon (shapeshifter) (Zig:22)
  5 merfolk impalers
  33 vault guards
  21 green deaths
  25 entropy weavers
  11 fire dragons
  23 jiangshi
  23 yaktaur captains
  33 ice dragons
  32 great orbs of eyes
  An ice dragon (shapeshifter) (Zig:20)
  24 deep elf high priests
  15 ogre magi
  6 ghost crabs
  A kraken zombie (Coc:7)
  12 naga warriors
  7 alligator snapping turtles
  9 monstrous demonspawn
  13 spriggan air magi
  A catoblepas (Lair:8)
  7 centaur warriors
  A quicksilver dragon skeleton (Zig:24)
  2 ghost crabs (shapeshifter) (Zig:9)
  An anaconda (shapeshifter) (Zig:19)
  6 death knights
  A juggernaut simulacrum (Zig:23)
  11 hell beasts
  10 rakshasas
  36 hydras
  A merfolk avatar (Zig:21)
  31 dancing weapons
  A satyr (shapeshifter) (Vaults:5)
  13 alligators
  11 anacondas
  5 death yaks
  16 deep troll shamans
  2 satyrs
  12 merfolk aquamancers
  59 vampire magi
  18 thrashing horrors
  15 hell hogs
  7 deep troll earth magi
  4 tengu warriors
  5 titan zombies
  23 orc high priests
  4 spriggan berserkers (Depths:2)
  6 iron giant zombies
  31 naga sharpshooters
  30 shock serpents
  33 soul eaters
  45 sun demons
  10 titan skeletons
  24 deep elf knights
  3 storm dragon zombies
  Sonja (Orc:2)
  17 wretched stars
  10 iron golems
  28 shadow wraiths
  The ghost of namelastname112 the Magician, a novice DrIE of Vehumet (D:8)
  5 fire crabs
  21 hell knights
  5 salamander mystics
  14 iron trolls
  7 iron giant skeletons
  63 skeletal warriors
  A death drake (Abyss:3)
  6 spatial maelstroms
  An unseen horror (shapeshifter) (WizLab)
  A ghost moth zombie (Dis:7)
  59 death scarabs
  11 golden dragon zombies
  A spark wasp zombie (Zig:10)
  2 anaconda zombies
  31 shadow demons
  5 storm dragon skeletons
  4 infernal demonspawn (Pan)
  3 sea snakes (Zig:16)
  5 spriggan druids
  30 deep trolls
  2 cherubim (Pan)
  10 unseen horrors
  A giant orange brain (shapeshifter) (Depths:2)
  14 swamp dragons
  2 kraken simulacra (Coc:7)
  68 large abominations
  A death drake (shapeshifter) (WizLab)
  6 gelid demonspawn
  A hill giant (shapeshifter) (Depths:3)
  3 anubis guards (shapeshifter)
  11 naga ritualists
  9 tengu zombies
  22 ironbrand convokers
  5 wizards
  8 giant orange brains
  6 hill giants
  41 anubis guards
  5 golden dragon skeletons
  2 lindwurms (Lair:8)
  The ghost of no0bjke the Chopper, a novice MiBe of Trog (D:6)
  A lindwurm (shapeshifter) (Zig:4)
  13 torturous demonspawn
  13 shadow dragon zombies
  34 deep elf archers
  2 fire giant zombies
  10 shambling mangroves
  6 sphinx zombies
  36 flayed ghosts
  39 orc knights
  An obsidian statue (Zig:10)
  15 phantasmal warriors
  24 harpies
  10 putrid demonspawn
  5 anaconda skeletons
  A wolf spider zombie (Tar:3)
  A faun (shapeshifter) (Zig:16)
  3 iron dragon zombies
  3 orb spiders (shapeshifter)
  8 griffons
  12 necromancers
  50 wolf spiders
  4 stone giant zombies
  5 mana vipers (Zig:18)
  31 orb spiders
  10 oklob plants
  2 mana vipers (shapeshifter)
  14 hornets
  5 tengu skeletons
  40 ugly things
  12 iron dragon skeletons
  A glowing shapeshifter (Zig:17)
  2 shadow dragon skeletons
  A cyclops (shapeshifter) (Depths:3)
  23 orc sorcerers
  3 frost giant zombies
  101 deep elf magi
  6 salamanders
  A dire elephant zombie (Crypt:1)
  8 worldbinders
  A salamander (shapeshifter) (WizLab)
  4 sphinx skeletons
  Maurice (D:11)
  32 rust devils
  An elephant (shapeshifter) (WizLab)
  3 hornets (shapeshifter) (WizLab)
  23 shining eyes
  15 elephants
  8 cyclopes
  26 vault sentinels
  6 manticores
  A frost giant skeleton (Tar:5)
  6 ice statues
  3 octopodes (shapeshifter)
  3 stone giant skeletons
  22 moths of wrath
  71 black mambas
  10 spriggan zombies
  21 sixfirhies
  26 guardian serpents
  A water nymph (shapeshifter) (Vaults:5)
  2 black mambas (shapeshifter)
  6 sirens (Zig:16)
  4 fire giant skeletons
  17 torpor snails
  45 smoke demons
  22 elf zombies
  An iron giant simulacrum (Zig:21)
  5 titan simulacra (Coc:7)
  20 eyes of devastation
  An elephant slug zombie (Crypt:3)
  5 apocalypse crabs
  2 guardian serpents (shapeshifter)
  A centaur skeleton (D:15)
  A shock serpent zombie (Tar:2)
  2 gargoyles
  A water nymph (Zig:16)
  A molten gargoyle (D:15)
  26 naga magi
  23 orange demons
  A dire elephant skeleton (Coc:7)
  A sea snake zombie (Crypt:1)
  32 spiny frogs
  35 hellions
  A mottled draconian zombie (Crypt:1)
  2 komodo dragons (shapeshifter)
  7 storm dragon simulacra
  17 rime drakes
  59 yaktaurs
  A rime drake (shapeshifter) (WizLab)
  3 spiny frogs (shapeshifter)
  A catoblepas zombie (Tar:3)
  3 kobold demonologists (Vaults:1)
  10 komodo dragons
  An emperor scorpion zombie (Tar:7)
  21 hellwings
  2 yaktaurs (shapeshifter) (WizLab)
  12 efreet
  29 freezing wraiths
  30 demonic crawlers
  A redback zombie (Crypt:1)
  50 tormentors
  54 ice devils
  8 anaconda simulacra (Coc:7)
  A harpy zombie (Tar:7)
  12 giant leeches
  12 ancient zymes
  130 guardian mummies
  A tengu conjurer (Depths:3)
  62 jumping spiders
  A sea snake skeleton (Crypt:3)
  4 hydra zombies
  3 silent spectres
  A catoblepas skeleton (Crypt:3)
  36 red devils
  26 trolls
  3 wind drakes (shapeshifter)
  2 jumping spiders (shapeshifter)
  A wolf spider simulacrum (Crypt:1)
  3 polar bears
  3 wind drakes (Zig:16)
  17 two-headed ogres
  2 merfolk (shapeshifter)
  23 merfolk
  An alligator zombie (Crypt:3)
  A hydra skeleton (Coc:7)
  A shadow dragon simulacrum (Zig:23)
  A blink frog (shapeshifter) (Zig:27)
  2 sphinx simulacra (Zig:23)
  3 two-headed ogres (shapeshifter)
  50 ushabtiu
  Grinder (D:5)
  2 fire dragon zombies
  2 deep troll zombies (Hell)
  11 bog bodies
  22 raiju
  A boulder beetle (shapeshifter) (Zig:19)
  A harpy skeleton (Tar:2)
  38 blink frogs
  A hornet zombie (D:15)
  14 boulder beetles
  217 slime creatures
  7 snapping turtles
  2 ettin zombies
  A redback (shapeshifter) (Zig:20)
  27 shadows
  10 air elementals
  8 spriggan skeletons
  21 water elementals
  24 wraiths
  4 alligator skeletons
  A black mamba zombie (Tar:2)
  79 flying skulls
  A frost giant simulacrum (Crypt:3)
  A fire dragon skeleton (Tar:2)
  11 spriggans
  47 tarantellas
  6 ettin skeletons
  113 redbacks
  34 ynoxinuls
  3 vampires
  3 ice dragon skeletons
  4 wyverns (Lair:8)
  45 yaks
  A yak (shapeshifter) (Zig:22)
  2 fire bats (Abyss:3)
  13 golden eyes
  14 hippogriffs
  7 hungry ghosts
  13 chaos spawn
  2 hogs (shapeshifter)
  A human (shapeshifter) (WizLab)
  47 vampire mosquitoes
  7 basilisks
  A hippogriff (shapeshifter) (WizLab)
  14 fire elementals
  25 neqoxecs
  Edmund (D:6)
  Menkaure (Ossuary)
  A spatial vortex (Abyss:4)
  12 insubstantial wisps
  22 nagas
  2 human zombies (Zig:11)
  15 swamp worms
  A merfolk zombie (Dis:7)
  5 mottled dragons
  3 soldier ants
  A gelid demonspawn zombie (Crypt:2)
  5 spiny frog zombies
  Duvessa (D:4)
  19 wargs
  2 giant eyeballs (shapeshifter)
  4 hydra simulacra
  8 giant eyeballs
  40 hell hounds
  A monstrous demonspawn skeleton (Crypt:1)
  29 water moccasins
  A putrid demonspawn skeleton (Crypt:1)
  17 swamp drakes
  23 eyes of draining
  19 ice beasts
  118 orc warriors
  10 porcupines
  7 phantoms
  An alligator simulacrum (Hell)
  An elf simulacrum (Zig:23)
  A fire dragon simulacrum (Tar:7)
  10 sky beasts
  49 wasps
  62 ogres
  30 necrophages
  A sky beast (shapeshifter) (WizLab)
  10 boggarts
  14 wolves
  A wolf (shapeshifter) (WizLab)
  16 elf skeletons
  3 tengu
  A manticore skeleton (Tomb:1)
  13 centaurs
  4 big kobolds
  16 crocodiles
  7 earth elementals
  22 giant frogs
  A rime drake skeleton (Crypt:1)
  A gnoll sergeant (Zig:15)
  A giant frog (shapeshifter) (WizLab)
  A glowing shapeshifter simulacrum (Zig:23)
  36 small abominations
  7 scorpions
  Dowan (D:4)
  6 killer bees (D:10)
  An orc simulacrum (Vaults:1)
  9 wights
  7 howler monkeys
  An electric eel (Lair:6)
  A yak skeleton (Crypt:1)
  4 centaur zombies
  15 crimson imps
  A giant frog zombie (D:10)
  119 jellies
  3 quasits
  7 hounds
  43 orc priests
  A gnoll shaman (Zig:15)
  17 iron imps
  6 iguanas
  Ijyb (D:2)
  Natasha (D:2)
  6 human skeletons
  31 orc wizards
  7 hell rats (Lair:8)
  15 worker ants
  A porcupine skeleton (Crypt:3)
  A lightning spire (Zig:9)
  17 sheep
  A deep dwarf zombie (Crypt:2)
  3 hound skeletons
  A howler monkey zombie (D:5)
  195 mummies
  2 worker ant zombies
  A howler monkey skeleton (D:4)
  3 gnolls (D:4)
  A river rat (shapeshifter) (WizLab)
  19 adders
  52 river rats
  18 shadow imps
  13 white imps
  An ufetubus (Abyss:2)
  An ooze (D:1)
  A sheep zombie (Crypt:3)
  22 worms
  10 ball lightnings (Pan)
  A dart slug (D:4)
  7 giant geckos
  113 orcs
  A ball python (D:3)
  5 bats
  4 giant cockroaches
  3 gnoll zombies (Ossuary)
  8 goblins
  12 hobgoblins
  9 jackals
  8 kobolds
  10 quokkas
  3 giant newts
  2 gnoll skeletons (Ossuary)
  2 goblin zombies
  3 hobgoblin skeletons (Ossuary)
  A hobgoblin zombie (Ossuary)
  5 kobold skeletons
  3 kobold zombies
  4 orc skeletons
  3 orc zombies
  2 rats (D:3)
  A rat skeleton (Ossuary)
  2 rat zombies (Ossuary)
  8 bushes
  16 crawling corpses
  7 fire vortices
  9 fungi
  4 lost souls
  A lurking horror (Abyss:3)
  24 plants
  9 starspawn tentacles
  3 starspawn tentacle segments
  A tentacle segment (Coc:7)
  4 withered plants (D:15)
7800 creatures vanquished.

Vanquished Creatures (collateral kills)
  Dispater (Dis:7)
  4 ancient liches
  2 juggernauts (Zig:10)
  A pandemonium lord (Zig:19)
  9 greater mummies
  A shard shrike (Zig:11)
  A Killer Klown (Zot:5)
  An iron giant (Zig:25)
  2 bone dragons
  3 liches
  2 doom hounds
  A hellephant (Zig:27)
  A Hell Sentinel (Dis:7)
  4 titans
  3 sphinxes
  14 acid blobs
  3 ancient champions (Zig:20)
  A tentacled starspawn (Zig:21)
  4 greater nagas
  3 azure jellies
  A draconian monk (Zig:26)
  4 revenants
  A ghost moth (Zig:17)
  A corrupter (Zig:24)
  A draconian scorcher (Zig:8)
  A draconian zealot (Zig:26)
  A vault warden (Zig:26)
  3 frost giants
  A ghoul (Zig:27)
  2 cacodemons (Pan)
  A warmonger (Zig:26)
  3 curse skulls (Zig:20)
  An emperor scorpion (Zig:17)
  An angel (Pan)
  2 draconian annihilators
  3 ironheart preservers
  5 reapers
  A juggernaut skeleton (Zig:6)
  2 very ugly things
  A caustic shrike skeleton (Zig:17)
  2 war gargoyles
  A stone giant (Zig:15)
  2 ophanim (Pan)
  4 vampire knights
  2 black draconians
  A deep elf demonologist (Vaults:4)
  A lorocyproca (Depths:3)
  2 yellow draconians
  A mottled draconian (Zig:14)
  A dire elephant (Zig:27)
  A spark wasp (Zig:16)
  A green death (Pan)
  An eidolon (Zig:21)
  2 yaktaur captains
  2 deep elf death magi
  A minotaur (shapeshifter) (Zig:19)
  2 mummy priests
  A naga warrior (Zig:18)
  2 great orbs of eyes
  A monstrous demonspawn (Depths:3)
  An anaconda (Zig:18)
  2 ogre magi
  A catoblepas (Zig:27)
  An iron giant zombie (Zig:21)
  2 vampire magi (Zig:15)
  A naga sharpshooter (Zig:13)
  4 storm dragon zombies
  A titan skeleton (Zig:24)
  3 iron golems (Dis:7)
  An iron troll (Depths:1)
  A shadow wraith (Zig:25)
  A storm dragon skeleton (Zig:24)
  A death drake (Zig:12)
  2 death scarabs (Tomb:2)
  2 deep trolls
  A swamp dragon (shapeshifter) (WizLab)
  A flayed ghost (Zig:25)
  An ironbrand convoker (Zig:26)
  A shadow dragon zombie (Zig:25)
  A kraken simulacrum (Coc:7)
  An orange crystal statue (Zot:5)
  A golden dragon skeleton (Zig:21)
  A tengu zombie (Zig:23)
  6 orc knights
  An obsidian statue (Zot:5)
  A harpy (Vaults:3)
  3 phantasmal warriors
  2 sphinx zombies
  A fire giant zombie (Zig:12)
  A frost giant zombie (Zig:8)
  An iron dragon zombie (Zig:24)
  2 ugly things
  A wolf spider (Zig:17)
  A stone giant zombie (Zig:8)
  3 tengu skeletons
  An orc sorcerer (Zig:15)
  An iron dragon skeleton (Zig:23)
  A black mamba (Zig:18)
  A shining eye (Zig:22)
  2 eyes of devastation
  A torpor snail (Zig:27)
  A spriggan skeleton (Zig:12)
  A spiny frog (Zig:27)
  A demonic crawler (Zig:15)
  A freezing wraith (Vaults:2)
  A yaktaur (Vaults:1)
  2 ice devils
  3 guardian mummies
  An ancient zyme (Zig:13)
  3 jumping spiders
  A jumping spider (shapeshifter) (WizLab)
  A tengu conjurer (Depths:4)
  2 two-headed ogres
  A hydra skeleton (Hell)
  A boulder beetle (Zig:20)
  A snapping turtle (Zig:21)
  11 slime creatures
  2 ushabtiu
  A raiju (Zig:16)
  An alligator zombie (Coc:7)
  An air elemental (Zig:16)
  2 flying skulls
  2 shadows (Tar:7)
  3 water elementals
  3 large abominations
  An elf skeleton (Zig:23)
  A wraith (Zig:24)
  A yak (Zig:27)
  A small abomination (Zig:21)
  A chaos spawn (Pan)
  3 golden eyes
  3 neqoxecs (Pan)
  2 hippogriffs (Zig:27)
  A soldier ant (shapeshifter) (WizLab)
  An elf simulacrum (Zig:21)
  A naga (Zig:13)
  A water moccasin (Zig:27)
  A giant eyeball (WizLab)
  2 orc warriors
  An eye of draining (Zig:25)
  A wasp (Zig:24)
  4 boggarts
  3 ice beasts (Depths:1)
  A snapping turtle zombie (Geh:7)
  3 ogres
  A snapping turtle skeleton (Crypt:3)
  A crocodile (Zig:27)
  A spiny frog simulacrum (Hell)
  A wight (Geh:1)
  6 starcursed masses (Zig:21)
  A human zombie (Tar:7)
  30 jellies
  An iron imp (Dis:7)
  5 orc wizards
  53 mummies
  2 shadow imps (Zig:22)
  A white imp (Depths:1)
  A ball lightning (Pan)
  2 orcs
  A kobold (Vaults:1)
  An orc skeleton (Crypt:1)
  3 crawling corpses (Zig:27)
381 creatures vanquished.

Vanquished Creatures (others)
  Frederick (Tomb:3)
  Arachne (Spider:2)
  An Orb Guardian (Zot:5)
  An eldritch tentacle (Pan)
  An ancient champion (Tomb:2)
  A death cob (Zot:5)
  A ghost moth (Zot:5)
  A reaper (Zig:27)
  An elemental wellspring (Coc:7)
  A deep elf annihilator (Pan)
  A hell hog (Hell)
  A thrashing horror (Abyss:3)
  A storm dragon zombie (Geh:7)
  44 death scarabs (Tomb:2)
  A wizard (Pan)
  A sixfirhy (Hell)
  A frost giant skeleton (Tomb:3)
  A rime drake (Zig:23)
  An efreet (Abyss:5)
  A small abomination (Zig:27)
  A red devil (Geh:1)
  A raiju (Abyss:5)
  2 water elementals
  A ynoxinul (Abyss:3)
  A neqoxec (Abyss:5)
  A chaos spawn (Zig:24)
  A hell hound (Zig:25)
  A swamp drake (Zig:12)
  A phantom (Geh:1)
  A wight (Geh:1)
  5 mummies
  2 shadow imps
  A ball lightning (Pan)
  3 gnoll skeletons (Ossuary)
  A goblin skeleton (Ossuary)
  3 goblin zombies (Ossuary)
  2 hobgoblin skeletons (Ossuary)
  5 hobgoblin zombies (Ossuary)
  3 kobold skeletons (Ossuary)
  2 kobold zombies (Ossuary)
  5 orc skeletons
  2 rat skeletons (Ossuary)
  4 rat zombies (Ossuary)
  4 bushes
  A crawling corpse (Zig:27)
  2 demonic plants (Abyss:5)
  73 eldritch tentacle segments (Pan)
  3849 fire vortices
  22 fungi
  10 lost souls
  2 lurking horrors
  21 plants
  23 starspawn tentacles
  426 starspawn tentacle segments
  39 tentacles (Coc:7)
  383 tentacle segments
  4 withered plants (D:15)
4971 creatures vanquished.

Grand Total: 13152 creatures vanquished

Notes
Turn   | Place    | Note
--------------------------------------------------------------
     0 | D:1      | namelastname112 the Draconian Conjurer began the quest for the Orb.
     0 | D:1      | Reached XP level 1. HP: 14/14 MP: 3/3
   134 | D:1      | Reached XP level 2. HP: 6/20 MP: 0/5
   698 | D:1      | Reached XP level 3. HP: 23/26 MP: 1/7
   875 | D:1      | Learned a level 2 spell: Searing Ray
  1227 | D:2      | Noticed Natasha
  1276 | D:2      | Killed Natasha
  1276 | D:2      | Reached skill level 5 in Conjurations
  1276 | D:2      | Reached XP level 4. HP: 25/33 MP: 1/8
  1568 | D:2      | Noticed Ijyb
  1579 | D:2      | Killed Ijyb
  1941 | D:3      | Reached XP level 5. HP: 38/38 MP: 5/10
  2632 | D:3      | Learned a level 5 spell: Iskenderun's Battlesphere
  2755 | D:3      | Reached XP level 6. HP: 31/45 MP: 6/12
  2915 | D:4      | Found a bloodstained altar of Trog.
  2927 | D:4      | Reached skill level 1 in Charms
  3276 | D:4      | Noticed Duvessa
  3276 | D:4      | Noticed Dowan
  3768 | D:4      | Found a glowing golden altar of the Shining One.
  3902 | D:4      | Killed Dowan
  3902 | D:4      | Reached skill level 5 in Spellcasting
  3902 | D:4      | Your scales start taking on a fiery red colour.
  3902 | D:4      | Reached XP level 7. HP: 50/50 MP: 9/14
  3902 | D:4      | Gained mutation: Your flesh is heat resistant. [Red Draconian growth]
  3910 | D:4      | Killed Duvessa
  4799 | D:5      | Entered Level 5 of the Dungeon
  4802 | D:5      | Noticed Grinder
  4806 | D:5      | Paralysed by Grinder for 4 turns
  4813 | D:5      | Paralysed by Grinder for 4 turns
  4820 | D:5      | Killed Grinder
  4820 | D:5      | Reached XP level 8. HP: 42/57 MP: 5/16
  4909 | D:5      | xeno23: ты этим чаром боты нашел?
  4913 | D:5      | xeno23: ммммм
  4913 | D:5      | xeno23: ня
  5227 | D:5      | Found a staircase to the Ecumenical Temple.
  5240 | D:5      | xeno23: пришло время стабать антея фруктом
  5255 | Temple   | Entered the Ecumenical Temple
  5339 | Temple   | Became a worshipper of Vehumet
  6128 | D:6      | Noticed no0bjke's ghost (novice MiBe)
  6157 | D:6      | Killed no0bjke's ghost
  6157 | D:6      | Reached skill level 5 in Charms
  6468 | D:6      | Found a deep blue altar of Sif Muna.
  6489 | D:6      | xeno23: пиздец Вс круты
  6505 | D:6      | xeno23: такой то реген
  6509 | D:6      | Noticed Edmund
  6521 | D:6      | xeno23: спирит
  6522 | D:6      | Killed Edmund
  6522 | D:6      | Reached XP level 9. HP: 62/62 MP: 14/19
  6524 | D:6      | namelastname112: да
  6524 | D:6      | namelastname112: наверное моя вторая любимая раса
  6524 | D:6      | namelastname112: после др
  6698 | D:6      | Reached * piety under Vehumet
  6698 | D:6      | Offered knowledge of Sandblast by Vehumet.
  7469 | D:7      | Got a pair of bloodstained gloves
  7507 | D:7      | Identified the +1 pair of gloves of Intuition {Dex+4} (You found it on level 7 of the Dungeon)
  7570 | D:7      | Found a sand-covered staircase.
  7596 | Ossuary  | Entered an ossuary
  7897 | Ossuary  | Noticed Menkaure
  7900 | Ossuary  | Killed Menkaure
  7900 | Ossuary  | Reached ** piety under Vehumet
  7900 | Ossuary  | Offered knowledge of Sting by Vehumet.
  8477 | D:8      | Noticed namelastname112's ghost (novice DrIE)
  8541 | D:8      | Gained mutation: Your body sometimes deteriorates upon taking damage. [potion of mutation]
  8541 | D:8      | Gained mutation: You occasionally shout uncontrollably at your foes. [potion of mutation]
  8541 | D:8      | Gained mutation: Your natural rate of healing is unusually fast. [potion of mutation]
  8542 | D:8      | Gained mutation: Your large and strong wings let you fly indefinitely. [potion of mutation]
  8542 | D:8      | Gained mutation: You are dopey. (Int -2) [potion of mutation]
  8542 | D:8      | Gained mutation: Your system is resistant to poisons. [potion of mutation]
  8543 | D:8      | Lost mutation: You are dopey. (Int -2) [potion of cure mutation]
  8543 | D:8      | Lost mutation: You occasionally shout uncontrollably at your foes. [potion of cure mutation]
  8543 | D:8      | Lost mutation: Your body sometimes deteriorates upon taking damage. [potion of cure mutation]
  8543 | D:8      | Lost mutation: Your natural rate of healing is unusually fast. [potion of cure mutation]
  8543 | D:8      | Lost mutation: Your large and strong wings let you fly indefinitely. [potion of cure mutation]
  8562 | D:8      | Gained mutation: Your muscles are strong. (Str +2) [potion of beneficial mutation]
  9016 | D:8      | Got a bound iron ring
  9018 | D:8      | Identified the ring "Ontargh" {SustAt rC+ MP+9 Dex+4} (You found it on level 8 of the Dungeon)
  9577 | D:9      | Offered knowledge of Throw Flame by Vehumet.
  9579 | D:9      | Reached XP level 10. HP: 69/69 MP: 22/22
  9607 | D:9      | Learned a level 2 spell: Throw Flame
  9732 | D:9      | Found Tunaucul's Jewellery Boutique.
  9967 | D:9      | Gained mutation: Your muscles are very strong. (Str +4) [mutagenic meat]
  9968 | D:9      | Gained mutation: Your spells are a little easier to cast, but a little less powerful. [mutagenic meat]
  9969 | D:9      | Gained mutation: You are clumsy. (Dex -2) [mutagenic meat]
  9970 | D:9      | Lost mutation: You are clumsy. (Dex -2) [mutagenic meat]
  9983 | D:9      | Reached skill level 1 in Fire Magic
 10329 | D:10     | Entered Level 10 of the Dungeon
 10372 | D:10     | Noticed a hill giant
 10386 | D:10     | Killed a hill giant
 10400 | D:10     | Reached *** piety under Vehumet
 10661 | D:10     | Noticed a hill giant
 10673 | D:10     | Killed a hill giant
 10673 | D:10     | Reached skill level 10 in Conjurations
 10673 | D:10     | Reached skill level 5 in Fire Magic
 10792 | D:10     | Offered knowledge of Airstrike by Vehumet.
 11018 | D:10     | Noticed a centaur warrior
 11023 | D:10     | Killed a centaur warrior
 11309 | D:10     | Reached XP level 11. HP: 71/74 MP: 24/24
 11521 | D:10     | Reached **** piety under Vehumet
 12036 | D:11     | Noticed Maurice
 12041 | D:11     | Killed Maurice
 12078 | D:11     | Offered knowledge of Lightning Bolt by Vehumet.
 12556 | D:12     | Found Yshri Leu's Book Boutique.
 12567 | D:12     | Bought a book of Flames for 420 gold pieces
 12573 | D:12     | Learned a level 5 spell: Fireball
 12579 | D:12     | Learned a level 4 spell: Sticky Flame
 12597 | D:12     | Found Zyta's Armour Emporium.
 12643 | D:12     | Found a shimmering altar of Xom.
 12705 | D:12     | Found Esutaqyt's Food Boutique.
 12716 | D:12     | Got a pair of fine boots
 12728 | D:12     | Identified the +1 pair of boots of Morality {Int+4} (You found it on level 12 of the Dungeon)
 12824 | D:12     | Found Ymerreull's Weapon Emporium.
 12855 | D:12     | Noticed a hill giant
 12864 | D:12     | Killed a hill giant
 12977 | D:12     | Found Axefrop's Magic Scroll Shoppe.
 13035 | D:12     | Found a staircase to the Orcish Mines.
 13495 | D:12     | Lost mutation: Your muscles are very strong. (Str +4) [potion of cure mutation]
 13495 | D:12     | Lost mutation: Your spells are a little easier to cast, but a little less powerful. [potion of cure mutation]
 13495 | D:12     | Lost mutation: Your muscles are strong. (Str +2) [potion of cure mutation]
 13495 | D:12     | Lost mutation: Your system is resistant to poisons. [potion of cure mutation]
 13522 | D:13     | Noticed a purple ugly thing
 13532 | D:13     | Killed a purple ugly thing
 13532 | D:13     | Reached skill level 10 in Spellcasting
 13532 | D:13     | Reached skill level 10 in Fire Magic
 14248 | D:13     | Noticed a hill giant
 14252 | D:13     | Killed a hill giant
 14285 | D:13     | Reached XP level 12. HP: 73/81 MP: 5/26
 14402 | D:13     | Reached ***** piety under Vehumet
 14593 | D:13     | Offered knowledge of Bolt of Draining by Vehumet.
 15407 | D:14     | Found a gate to the Vaults.
 15661 | D:14     | Found a basalt altar of Yredelemnul.
 15773 | D:15     | Entered Level 15 of the Dungeon
 15852 | D:15     | Noticed Rupert
 16035 | Orc:1    | Entered Level 1 of the Orcish Mines
 16270 | Orc:2    | Entered Level 2 of the Orcish Mines
 16270 | Orc:2    | Found a staircase to the Elven Halls.
 16560 | Orc:2    | Reached skill level 1 in Fighting
 16751 | Orc:2    | Noticed Sonja
 16751 | Orc:2    | Killed Sonja
 17581 | Orc:2    | Noticed an orc high priest
 17584 | Orc:2    | Killed an orc high priest
 17724 | Orc:2    | Offered knowledge of Poisonous Cloud by Vehumet.
 17892 | Orc:2    | Reached XP level 13. HP: 93/93 MP: 28/28
 17959 | Orc:2    | xeno23: оказывается гарпии то разумные
 17960 | Orc:2    | xeno23: жрат нельзя
 17961 | Orc:2    | namelastname112: лол
 17961 | Orc:2    | namelastname112: ну да
 17961 | Orc:2    | namelastname112: %??harpy
 17961 | Orc:2    | beem: harpy (H)
                  | Spd:
    25 | HD: 7    | HP: 33-44
                  | AC/EV: 2/10
                  | Dam: 19, 14
                  | fly
                  | Res: magic(20), poison
                  | XP:
   621 | Sz: Medium | Int: human.
 17982 | Orc:2    | xeno23: почему вот драконы не разумные
 18139 | Orc:2    | xeno23: было бы логично
 18139 | Orc:2    | namelastname112: в смысле7
 18139 | Orc:2    | namelastname112: ?
 18139 | Orc:2    | xeno23: хотя хуй знает
 18139 | Orc:2    | namelastname112: они типа животные
 18169 | Orc:2    | xeno23: ну везде по-разному
 18357 | Orc:2    | Found Zuataquh's Book Boutique.
 18357 | Orc:2    | Found Waufu's Book Boutique.
 18358 | Orc:2    | Found Lulic's Distillery.
 18358 | Orc:2    | Found Xyeloo's Distillery.
 18814 | Orc:1    | Offered knowledge of Bolt of Magma by Vehumet.
 18890 | Orc:1    | Learned a level 5 spell: Bolt of Magma
 19858 | D:8      | Found a staircase to the Lair.
 19884 | D:8      | Killed namelastname112's ghost
 20099 | Lair:1   | Entered Level 1 of the Lair of Beasts
 20122 | Lair:1   | Reached skill level 5 in Fighting
 20244 | Lair:1   | Got a pitted ivory amulet
 20246 | Lair:1   | Identified the amulet of Surprise {Faith rN+} (You found it on level 1 of the Lair of Beasts)
 20863 | Lair:2   | Reached skill level 5 in Dodging
 22392 | Lair:4   | Reached skill level 15 in Fire Magic
 22532 | Lair:4   | Reached XP level 14. HP: 108/108 MP: 29/29
 22948 | Lair:4   | Offered knowledge of Irradiate by Vehumet.
 23302 | Lair:5   | xeno23: вот не понимаю
 23312 | Lair:5   | xeno23: почему жрать трупы это что-то плохое
 23315 | Lair:5   | xeno23: не пропадать же добру
 23325 | Lair:5   | namelastname112: ну
 23325 | Lair:5   | namelastname112: нельзя жрать трупы умных
 23325 | Lair:5   | namelastname112: фу-фу
 23343 | Lair:5   | Found a frozen archway.
 23347 | IceCv    | Entered an ice cave
 23660 | IceCv    | xeno23: ну мне было бы похуй, если б меня съели
 23678 | IceCv    | namelastname112: ну бля
 23678 | IceCv    | namelastname112: ты зине это объясни
 23678 | IceCv    | namelastname112: мне бы вот тоже похуй было
 24083 | Lair:5   | Found a hole to the Spider Nest.
 24146 | Lair:5   | Offered knowledge of Poison Arrow by Vehumet.
 24815 | Lair:6   | Found a staircase to the Swamp.
 24851 | Lair:6   | Noticed Nessos
 24856 | Lair:6   | Killed Nessos
 26252 | Lair:7   | Found a staircase to the Slime Pits.
 26260 | Lair:7   | Offered knowledge of Delayed Fireball by Vehumet.
 26275 | Lair:7   | Learned a level 7 spell: Delayed Fireball
 26788 | Lair:8   | Entered Level 8 of the Lair of Beasts
 27078 | Lair:8   | Reached XP level 15. HP: 121/121 MP: 21/31
 28268 | Lair:8   | Found a runed door.
 28384 | Lair:8   | Reached ****** piety under Vehumet
 28432 | Lair:8   | Reached skill level 1 in Evocations
 28707 | Lair:8   | Offered knowledge of Spellforged Servitor by Vehumet.
 29270 | Elf:1    | Entered Level 1 of the Elven Halls
 29985 | Elf:1    | Found a radiant altar of Vehumet.
 30100 | Elf:1    | Noticed a Tzitzimitl
 31019 | Elf:1    | Reached skill level 5 in Evocations
 31188 | Elf:1    | Noticed a deep elf sorcerer
 31188 | Elf:1    | Killed a deep elf sorcerer
 31188 | Elf:1    | Reached XP level 16. HP: 93/132 MP: 17/32
 31478 | Elf:1    | Vulkandrache: spam that fireball
 31522 | Elf:1    | namelastname112: will do
 31827 | Elf:1    | Offered knowledge of Lehudib's Crystal Spear by Vehumet.
 31827 | Elf:1    | Offered knowledge of Fire Storm by Vehumet.
 31827 | Elf:1    | Offered knowledge of Shatter by Vehumet.
 31898 | Elf:1    | Identified Losom's Volume of Companions
 32571 | Elf:2    | Reached skill level 10 in Fighting
 32762 | Elf:2    | Found an ancient bone altar of Kikubaaqudgha.
 33057 | Elf:2    | Found a huge runed gate.
 33057 | Elf:2    | Found a huge runed gate.
 33058 | Elf:2    | Found a huge runed gate.
 33062 | Elf:2    | Found a huge runed gate.
 33066 | Elf:2    | Found a huge runed gate.
 33142 | Elf:2    | Gained mutation: Your tail ends in a poisonous barb. [potion of beneficial mutation]
 33143 | Elf:2    | Gained mutation: You are somewhat resistant to further mutation. [potion of beneficial mutation]
 33249 | Elf:2    | Found Muilleac's Gadget Boutique.
 33441 | Elf:3    | Entered Level 3 of the Elven Halls
 33481 | Elf:3    | Reached skill level 1 in Shields
 33677 | Elf:3    | Noticed Mara
 33721 | Elf:3    | Found Banish's Assorted Antiques.
 33742 | Elf:3    | Learned a level 9 spell: Fire Storm
 33884 | Elf:3    | Noticed namelastname112's illusion
 34322 | D:9      | Bought an uncursed ring of wizardry for 450 gold pieces
 34612 | Elf:3    | Noticed namelastname112's illusion
 34634 | Elf:3    | Gained mutation: Your magical capacity is low (-10% MP). [mutagenic glow]
 35170 | D:15     | Noticed Azrael
 35177 | D:15     | Killed Azrael
 35576 | D:15     | Killed Rupert
 35577 | D:15     | Noticed ololoev's ghost (journeyman GrEE)
 35629 | D:15     | Killed ololoev's ghost
 35955 | D:15     | Found a staircase to the Depths.
 37081 | Swamp:1  | Entered Level 1 of the Swamp
 37425 | Swamp:1  | Noticed Donald
 37430 | Swamp:1  | Killed Donald
 38091 | Swamp:2  | Reached XP level 17. HP: 130/141 MP: 30/30
 38866 | Swamp:3  | Reached skill level 5 in Shields
 39901 | Swamp:4  | Entered Level 4 of the Swamp
 40076 | Swamp:4  | xeno23: ring of Cheibriados's Favour {+Fly rC+ Dex+3}, ring of Xom's Righteous Anger {rElec rF+ Int+3}.
 40174 | Swamp:4  | Reached skill level 10 in Charms
 40871 | Swamp:4  | Got a decaying rune of Zot
 41561 | Spider:1 | Entered Level 1 of the Spider Nest
 41883 | Spider:1 | Reached skill level 15 in Conjurations
 42156 | Spider:1 | Noticed Roxanne
 43401 | Spider:1 | Killed Roxanne
 43412 | Spider:1 | Identified Roxanne's Disquisition on Earth (You took it off Roxanne on level 1 of the Spider Nest)
 43557 | Spider:2 | Noticed Arachne
 43853 | Spider:2 | Reached XP level 18. HP: 151/151 MP: 32/32
 43855 | Spider:2 | Killed Arachne
 44320 | Spider:1 | xeno23: r - a +8 blowgun (weapon)
 44330 | Spider:1 | xeno23: норм дудку нашел
 44330 | Spider:1 | namelastname112: лол
 44330 | Spider:1 | namelastname112: заебок
 44984 | Orc:2    | Bought a book of Fire for 1040 gold pieces
 44992 | Orc:2    | Learned a level 7 spell: Ring of Flames
 45149 | D:12     | Bought 3 fruits for 45 gold pieces
 45149 | D:12     | Bought a bread ration for 50 gold pieces
 45149 | D:12     | Bought a bread ration for 50 gold pieces
 45149 | D:12     | Bought a bread ration for 50 gold pieces
 45149 | D:12     | Bought 3 fruits for 45 gold pieces
 45149 | D:12     | Bought 3 fruits for 45 gold pieces
 45149 | D:12     | Bought a bread ration for 50 gold pieces
 45149 | D:12     | Bought a beef jerky for 15 gold pieces
 45149 | D:12     | Bought a bread ration for 50 gold pieces
 45149 | D:12     | Bought a meat ration for 50 gold pieces
 45149 | D:12     | Bought a bread ration for 50 gold pieces
 45149 | D:12     | Bought a beef jerky for 15 gold pieces
 45149 | D:12     | Bought a beef jerky for 15 gold pieces
 47237 | Spider:3 | xeno23: Welcome to Gozag's Assorted Antiques! What would you like to do? b - 10000 gold a glowing pearl dragon armour
 47239 | Spider:3 | xeno23: ебучий жид
 47239 | Spider:3 | namelastname112: лол
 47239 | Spider:3 | namelastname112: а ты хули хотел
 47254 | Spider:3 | xeno23: я короче спать пошел
 47347 | Spider:3 | xeno23: бб
 47347 | Spider:3 | namelastname112: давай
 47826 | Spider:4 | Entered Level 4 of the Spider Nest
 47828 | Spider:4 | Reached skill level 10 in Dodging
 49197 | Spider:4 | Got a gossamer rune of Zot
 49830 | Elf:3    | Noticed namelastname112's illusion
 49968 | Elf:2    | Lost mutation: Your tail ends in a poisonous barb. [potion of cure mutation]
 49968 | Elf:2    | Lost mutation: Your magical capacity is low (-10% MP). [potion of cure mutation]
 49968 | Elf:2    | Lost mutation: You are somewhat resistant to further mutation. [potion of cure mutation]
 50013 | Elf:3    | Noticed namelastname112's illusion
 50215 | Elf:3    | Noticed namelastname112's illusion
 50284 | Elf:3    | Noticed namelastname112's illusion
 50460 | Elf:3    | Noticed namelastname112's illusion
 50542 | Elf:3    | Identified a scroll of acquirement
 50545 | Elf:3    | Got a pair of faintly humming boots
 50546 | Elf:3    | Identified the +0 pair of boots of Minor Irritation {+Blink Dex+4} (You acquired it on level 3 of the Elven Halls)
 50727 | Elf:3    | Found Gubu's Weapon Shop.
 50978 | Elf:3    | Reached XP level 19. HP: 112/161 MP: 19/37
 51075 | Elf:3    | Cast into level 2 of the Abyss (a deep elf demonologist)
 51131 | Abyss:2  | Gained mutation: Your magical capacity is low (-10% MP). [a neqoxec]
 51715 | Abyss:2  | Drew Focus: Int increased to 23, Dex decreased to 11
 51733 | Abyss:2  | Lost mutation: Your magical capacity is low (-10% MP). [helix card]
 51733 | Abyss:2  | Gained mutation: Your body sometimes deteriorates upon taking damage. [helix card]
 51744 | Abyss:2  | Found a corrupted altar of Lugonu.
 51831 | Abyss:2  | Found a corrupted altar of Lugonu.
 51877 | Abyss:3  | Noticed a hellephant
 51882 | Abyss:3  | Noticed a hellephant
 51885 | Abyss:3  | Got an abyssal rune of Zot
 51938 | Elf:3    | Escaped the Abyss
 52592 | Elf:3    | Reached skill level 15 in Spellcasting
 53358 | Elf:3    | Got an ancient glass ring
 53605 | Elf:3    | Identified the ring "Dukhiqi" {rC+ rN+ Int+3} (You took it off a deep elf blademaster on level 3 of the Elven Halls)
 53619 | Elf:3    | Identified the Almanac of Doomed Cold (You found it on level 3 of the Elven Halls)
 53859 | Elf:3    | Got a scintillating silver ring
 53873 | Elf:3    | Identified the ring of Suspected Treachery {Ice Str-3 Int+3 Dex+5 SInv} (You took it off a deep elf mage on level 3 of the Elven Halls)
 54394 | Lair:1   | Learned a level 6 spell: Deflect Missiles
 54691 | Vaults:1 | Entered Level 1 of the Vaults
 55462 | Vaults:1 | Gained mutation: You occasionally shout uncontrollably at your foes. [mutagenic glow]
 56206 | Vaults:1 | Reached XP level 20. HP: 169/169 MP: 31/39
 57193 | Vaults:1 | Learned a level 1 spell: Apportation
 58897 | Vaults:2 | You fall through a shaft for 2 floors!
 59605 | Vaults:4 | Found Pyusothru's Antique Weapon Boutique.
 60169 | Vaults:4 | Reached XP level 21. HP: 176/176 MP: 4/41
 60949 | Vaults:4 | Upgraded the game from 0.19-a0-4-ga5c5ac4 to 0.19-a0-14-gde87d98
 62077 | Vaults:3 | Found a staircase to the Crypt.
 62136 | Vaults:3 | Found Rioliwit's Jewellery Shop.
 62148 | Vaults:3 | Found Etaschan's Assorted Antiques.
 63052 | Vaults:3 | Found Viexaitz's Antique Armour Shoppe.
 63069 | Vaults:3 | Bought a crude buckler for 332 gold pieces
 63069 | Vaults:3 | Identified the +1 buckler of Nehiyd {MP+9} (You bought it in a shop on level 3 of the Vaults)
 63384 | Vaults:2 | Noticed Asterion
 63388 | Vaults:2 | Killed Asterion
 63818 | Vaults:2 | Reached skill level 10 in Evocations
 64077 | Depths:1 | Entered Level 1 of the Depths
 64384 | Depths:1 | Found a gateway to Hell.
 64453 | Depths:1 | Noticed Norris
 64457 | Depths:1 | Killed Norris
 64596 | Depths:1 | Reached XP level 22. HP: 185/185 MP: 43/43
 64644 | Depths:1 | Found Karoizio's General Store.
 64729 | Depths:1 | Identified the Papyrus of Fire
 64832 | Depths:1 | Found a gateway to a ziggurat.
 64898 | Zig:1    | Entered Level 1 of a ziggurat
 64922 | Zig:2    | Entered Level 2 of a ziggurat
 64947 | Zig:3    | Entered Level 3 of a ziggurat
 64998 | Zig:4    | Entered Level 4 of a ziggurat
 65001 | Zig:4    | Noticed a Killer Klown
 65006 | Zig:4    | Killed a Killer Klown
 65030 | Zig:4    | Reached XP level 23. HP: 194/194 MP: 44/44
 65036 | Zig:5    | Entered Level 5 of a ziggurat
 65062 | Zig:5    | Identified the Reference Book on the Snowflakes and Talismans
 65172 | Zig:6    | Entered Level 6 of a ziggurat
 65198 | Zig:6    | Got a fine lead ring
 65200 | Zig:6    | Got a smoking pewter ring
 65201 | Zig:6    | Identified the ring "Ihidas" {Ice Slay+6} (You found it on level 6 of a ziggurat)
 65203 | Zig:6    | Identified the ring of Hidd {Str+3 Dex+3 SInv} (You found it on level 6 of a ziggurat)
 65208 | Zig:6    | Got a pair of faintly glowing boots
 65209 | Zig:6    | Identified the +1 pair of boots of Icuham {rF+ Int+3} (You found it on level 6 of a ziggurat)
 65228 | Zig:7    | Entered Level 7 of a ziggurat
 65237 | Zig:7    | Noticed a juggernaut
 65242 | Zig:7    | Killed a juggernaut
 65303 | Zig:8    | Entered Level 8 of a ziggurat
 65365 | Zig:8    | Reached XP level 24. HP: 203/203 MP: 44/44
 65389 | Zig:9    | Entered Level 9 of a ziggurat
 65400 | Zig:9    | Goblin1989: что там за топор?
 65431 | Zig:9    | Goblin1989: хех
 65431 | Zig:9    | Goblin1989: трэш
 65431 | Zig:9    | namelastname112: ага
 65434 | Zig:9    | Reached XP level 25. HP: 210/210 MP: 44/44
 65459 | Zig:9    | Lost mutation: You occasionally shout uncontrollably at your foes. [helix card]
 65459 | Zig:9    | Gained mutation: Your muscles are strong. (Str +2) [helix card]
 65460 | Zig:9    | Drew Focus: Int increased to 27, Dex decreased to 10
 65462 | Zig:9    | Lost mutation: Your muscles are strong. (Str +2) [helix card]
 65468 | Zig:10   | Entered Level 10 of a ziggurat
 65479 | Zig:10   | Noticed a juggernaut
 65479 | Zig:10   | Noticed a juggernaut
 65483 | Zig:10   | Killed a juggernaut
 65485 | Zig:10   | Killed a juggernaut
 65576 | Zig:10   | Got a scintillating lapis lazuli ring
 65577 | Zig:10   | Identified the ring "Byphad" {+Blink +Fly MR+ Int-5 SInv} (You found it on level 10 of a ziggurat)
 65580 | Zig:10   | Got a flickering zirconium amulet
 65581 | Zig:10   | Identified the amulet "Veuniubb" {Reflect Int+4 SH+3} (You found it on level 10 of a ziggurat)
 65609 | Zig:10   | Learned a level 8 spell: Necromutation
 65611 | Zig:11   | Entered Level 11 of a ziggurat
 65623 | Zig:11   | Reached skill level 1 in Necromancy
 65623 | Zig:11   | Reached skill level 1 in Transmutations
 65649 | Zig:11   | Identified the Compendium of the Escort and Poison
 65653 | Zig:11   | Identified a +3 rod of inaccuracy (14/14) (You found it on level 11 of a ziggurat)
 65689 | Zig:12   | Entered Level 12 of a ziggurat
 65740 | Zig:12   | Identified the Almanac of Weightlessness and Enchantment
 65772 | Zig:13   | Entered Level 13 of a ziggurat
 65787 | Zig:13   | Reached skill level 5 in Necromancy
 65787 | Zig:13   | Reached skill level 5 in Transmutations
 65787 | Zig:13   | Reached XP level 26. HP: 218/218 MP: 44/44
 65848 | Zig:13   | Lost mutation: Your body sometimes deteriorates upon taking damage. [helix card]
 65856 | Zig:14   | Entered Level 14 of a ziggurat
 65869 | Zig:14   | Noticed a juggernaut
 65873 | Zig:14   | Noticed a juggernaut
 65873 | Zig:14   | Noticed a juggernaut
 65874 | Zig:14   | Killed a juggernaut
 65876 | Zig:14   | Killed a juggernaut
 65877 | Zig:14   | Killed a juggernaut
 65966 | Zig:15   | Entered Level 15 of a ziggurat
 66065 | Zig:15   | Drew Focus: Int increased to 28, Dex decreased to 9
 66068 | Zig:15   | Drew Focus: Int increased to 29, Dex decreased to 8
 66167 | Zig:15   | Gained mutation: You have a pair of small horns on your head. [helix card]
 66168 | Zig:15   | Lost mutation: You have a pair of small horns on your head. [helix card]
 66168 | Zig:15   | Gained mutation: Your large and strong wings let you fly indefinitely. [helix card]
 66378 | Zig:16   | Entered Level 16 of a ziggurat
 66394 | Zig:16   | Noticed an ancient lich
 66397 | Zig:16   | Reached skill level 10 in Necromancy
 66397 | Zig:16   | Reached skill level 10 in Transmutations
 66397 | Zig:16   | Killed an ancient lich
 66404 | Zig:16   | Noticed an ancient lich
 66405 | Zig:16   | Killed an ancient lich
 66426 | Zig:16   | Identified Sif Muna's Catalogue of Aerial Envenoming
 66431 | Zig:16   | Identified a +3 rod of clouds (11/11) (You found it on level 16 of a ziggurat)
 66470 | Zig:16   | Reached XP level 27. HP: 225/225 MP: 44/44
 66589 | Zig:17   | Entered Level 17 of a ziggurat
 66708 | Zig:17   | Got a steaming silver ring
 66709 | Zig:17   | Identified the ring "Leix" {Fire Str+4 Stlth+} (You found it on level 17 of a ziggurat)
 66756 | Zig:17   | Drew Focus: Int increased to 31, Dex decreased to 7
 66809 | Zig:18   | Entered Level 18 of a ziggurat
 66966 | Zig:18   | xeno23: ну и хули на меня меннас напал
 66972 | Zig:18   | xeno23: он же братишка зиновец
 66972 | Zig:18   | namelastname112: лол
 66972 | Zig:18   | namelastname112: это ты девам скажи
 66996 | Zig:18   | xeno23: флавор проебан!
 67005 | Zig:19   | Entered Level 19 of a ziggurat
 67026 | Zig:19   | Noticed Kousses the pandemonium lord
 67027 | Zig:19   | Noticed Orazugu the pandemonium lord
 67027 | Zig:19   | Noticed Vuosmoum the pandemonium lord
 67027 | Zig:19   | Noticed Kil Moe the pandemonium lord
 67029 | Zig:19   | Noticed Ylau the pandemonium lord
 67031 | Zig:19   | Killed Orazugu the pandemonium lord
 67032 | Zig:19   | Noticed Jyofipy the pandemonium lord
 67032 | Zig:19   | Noticed Cugeu the pandemonium lord
 67033 | Zig:19   | Noticed Moirgh the pandemonium lord
 67036 | Zig:19   | Killed Kil Moe the pandemonium lord
 67038 | Zig:19   | Killed Vuosmoum the pandemonium lord
 67047 | Zig:19   | Killed Cugeu the pandemonium lord
 67060 | Zig:19   | Killed Jyofipy the pandemonium lord
 67096 | Zig:19   | Killed Kousses the pandemonium lord
 67097 | Zig:19   | Killed Moirgh the pandemonium lord
 67098 | Zig:19   | Noticed Zaathis the pandemonium lord
 67099 | Zig:19   | Killed Zaathis the pandemonium lord
 67132 | Zig:19   | Killed Ylau the pandemonium lord
 67368 | Zig:19   | Got a coiled tin ring
 67369 | Zig:19   | Identified the ring of the Butterfly {rF+ Str+4} (You found it on level 19 of a ziggurat)
 67372 | Zig:19   | Got a steaming granite ring
 67373 | Zig:19   | Identified the ring "Seytisuw" {rC+ Slay+3} (You found it on level 19 of a ziggurat)
 67394 | Zig:19   | Identified the Grimoire of Bewitchment and Fire
 67417 | Zig:20   | Entered Level 20 of a ziggurat
 67443 | Zig:20   | Reached skill level 15 in Necromancy
 67474 | Zig:20   | Identified Sif Muna's Papyrus of Fetching Arcane Weapons
 67528 | Zig:20   | Reached skill level 15 in Transmutations
 67552 | Zig:21   | Entered Level 21 of a ziggurat
 67632 | Zig:21   | Reached skill level 15 in Evocations
 67754 | Zig:21   | Got a bound lapis lazuli ring
 67755 | Zig:21   | Identified the ring "Uniwij Inif" {rF+ Int+7} (You found it on level 21 of a ziggurat)
 67798 | Zig:22   | Entered Level 22 of a ziggurat
 67817 | Zig:22   | Noticed an ancient lich
 67818 | Zig:22   | Noticed an ancient lich
 67818 | Zig:22   | Killed an ancient lich
 67819 | Zig:22   | Killed an ancient lich
 67819 | Zig:22   | Reached skill level 15 in Fighting
 67819 | Zig:22   | Killed an ancient lich
 67820 | Zig:22   | Noticed an ancient lich
 67821 | Zig:22   | Killed an ancient lich
 67823 | Zig:22   | Noticed an ancient lich
 67824 | Zig:22   | Killed an ancient lich
 67826 | Zig:22   | Noticed an ancient lich
 67827 | Zig:22   | Killed an ancient lich
 67830 | Zig:22   | Noticed an ancient lich
 67831 | Zig:22   | Killed an ancient lich
 67847 | Zig:22   | Identified the Incunabulum of Confrontation
 67959 | Zig:23   | Entered Level 23 of a ziggurat
 68053 | Zig:23   | Identified the Guide on Dusty Displacement
 68185 | Zig:24   | Entered Level 24 of a ziggurat
 68356 | Zig:24   | Got a transparent platinum ring
 68357 | Zig:24   | Identified the ring of Luanlekh {SustAt rF+} (You found it on level 24 of a ziggurat)
 68376 | Zig:24   | Identified a +4 rod of shadows (9/9) (You found it on level 24 of a ziggurat)
 68480 | Zig:25   | Entered Level 25 of a ziggurat
 68579 | Zig:25   | Gained mutation: You are resistant to hostile enchantments. [potion of beneficial mutation]
 68591 | Zig:25   | Got a twitching lapis lazuli ring
 68592 | Zig:25   | Identified the ring "Geteusk" {*Tele Fragile rPois Dex+3} (You found it on level 25 of a ziggurat)
 68605 | Zig:25   | Identified the Disquisition on Ice and Stones (You found it on level 25 of a ziggurat)
 68644 | Zig:26   | Entered Level 26 of a ziggurat
 68667 | Zig:26   | Noticed an ancient lich
 68668 | Zig:26   | Noticed an ancient lich
 68668 | Zig:26   | Killed an ancient lich
 68669 | Zig:26   | Noticed an ancient lich
 68669 | Zig:26   | Killed an ancient lich
 68670 | Zig:26   | Killed an ancient lich
 68672 | Zig:26   | Noticed an ancient lich
 68672 | Zig:26   | Killed an ancient lich
 68672 | Zig:26   | Killed an ancient lich
 68673 | Zig:26   | Noticed an ancient lich
 68675 | Zig:26   | Killed an ancient lich
 68676 | Zig:26   | Killed an ancient lich
 68681 | Zig:26   | Noticed an ancient lich
 68681 | Zig:26   | Killed an ancient lich
 68682 | Zig:26   | Killed an ancient lich
 68683 | Zig:26   | Killed an ancient lich
 68688 | Zig:26   | Noticed an ancient lich
 68691 | Zig:26   | Killed an ancient lich
 68753 | Zig:26   | Identified the Reference Book on Confrontation
 68766 | Zig:26   | Learned a level 2 spell: Blink
 68768 | Zig:26   | Got a glittering marble ring
 68769 | Zig:26   | Identified the ring "Utiuwkef" {Wiz rC+++ MR- Dex+6} (You found it on level 26 of a ziggurat)
 68786 | Zig:26   | Identified Mocel's Incunabulum of Aid
 68802 | Zig:27   | Entered Level 27 of a ziggurat
 68849 | Zig:27   | Reached skill level 15 in Dodging
 68968 | Zig:27   | Identified Thaumaturgy, Part One
 69767 | Vaults:5 | Entered Level 5 of the Vaults
 70375 | Vaults:5 | Noticed Wiglaf
 70395 | Vaults:4 | Killed Wiglaf
 70610 | Vaults:5 | Noticed Xtahua
 70611 | Vaults:5 | Noticed Boris
 70621 | Vaults:5 | Killed Xtahua
 70861 | Vaults:5 | Killed Boris
 71073 | Vaults:5 | Got a pair of slimy boots
 71074 | Vaults:5 | Identified the +2 pair of boots "Fuag" {Dex+6} (You acquired it on level 5 of the Vaults)
 71105 | Vaults:5 | Got a silver rune of Zot
 72704 | Slime:1  | Entered Level 1 of the Pits of Slime
 73094 | Slime:6  | Entered Level 6 of the Pits of Slime
 73118 | Slime:6  | Killed the Royal Jelly
 73316 | Slime:6  | Identified Joym Har's Incunabulum of the Earthen Blaze
 73343 | Slime:6  | Got a pair of smoking boots
 73344 | Slime:6  | Identified the +1 pair of boots "Lotov" {*Confuse Int+10 Dex+5} (You found it on level 6 of the Pits of Slime)
 73378 | Slime:6  | Got a slimy rune of Zot
 73425 | Slime:6  | Got a coiled graven amulet
 73426 | Slime:6  | Identified the amulet "Peosuptu" {Dismiss +Fly rF+++ MP+9 Stlth-} (You found it on level 6 of the Pits of Slime)
 73429 | Slime:6  | Identified the Volume of Scorching Glamour
 73687 | Lair:1   | xeno23: м
 73687 | Lair:1   | xeno23: 15?
 73687 | Lair:1   | namelastname112: не хочу на самом деле
 73687 | Lair:1   | namelastname112: хотя возможность есть
 73709 | Lair:1   | xeno23: ну паны параша
 73711 | Zig:1    | Entered Level 1 of a ziggurat
 73714 | Zig:1    | xeno23: ады тоже
 73715 | Zig:1    | xeno23: девы пидоры
 73737 | Zig:2    | Entered Level 2 of a ziggurat
 73741 | Zig:2    | Reached skill level 1 in Staves
 73760 | Zig:3    | Entered Level 3 of a ziggurat
 73764 | Zig:3    | xeno23: хотя зиги еще уебищней экстенда
 73800 | Zig:4    | Entered Level 4 of a ziggurat
 73913 | Zig:5    | Entered Level 5 of a ziggurat
 73946 | Zig:6    | Entered Level 6 of a ziggurat
 73973 | Zig:6    | Got a warped marble ring
 73974 | Zig:6    | Identified the ring "Bael" {rF+ AC+3 Str+9} (You found it on level 6 of a ziggurat)
 73986 | Zig:7    | Entered Level 7 of a ziggurat
 73995 | Zig:7    | Noticed Rauwel the pandemonium lord
 73995 | Zig:7    | Killed Rauwel the pandemonium lord
 74010 | Zig:7    | Identified the Almanac of Battle Magic
 74079 | Zig:8    | Entered Level 8 of a ziggurat
 74082 | Zig:8    | Noticed a greater mummy
 74085 | Zig:8    | Killed a greater mummy
 74192 | Zig:9    | Entered Level 9 of a ziggurat
 74201 | Zig:9    | Reached skill level 5 in Staves
 74233 | Zig:9    | Identified the Papyrus of Glacial Conjuration
 74242 | Zig:10   | Entered Level 10 of a ziggurat
 74247 | Zig:10   | Noticed an ancient lich
 74251 | Zig:10   | Killed an ancient lich
 74254 | Zig:10   | Noticed an ancient lich
 74257 | Zig:10   | Killed an ancient lich
 74323 | Zig:11   | Entered Level 11 of a ziggurat
 74456 | Zig:11   | Gained mutation: You are robust (+10% HP). [potion of beneficial mutation]
 74499 | Zig:12   | Entered Level 12 of a ziggurat
 74503 | Zig:12   | Noticed a greater mummy
 74507 | Zig:12   | Killed a greater mummy
 74509 | Zig:12   | Noticed a greater mummy
 74525 | Zig:12   | Killed a greater mummy
 74600 | Zig:12   | Got a smoking jade ring
 74601 | Zig:12   | Identified the ring of Koucaj {Ice *Contam rN+ Str+4 Slay-4} (You found it on level 12 of a ziggurat)
 74781 | Zig:13   | Entered Level 13 of a ziggurat
 74872 | Zig:14   | Entered Level 14 of a ziggurat
 74877 | Zig:14   | Noticed a greater mummy
 74881 | Zig:14   | Killed a greater mummy
 74882 | Zig:14   | Noticed a greater mummy
 74885 | Zig:14   | Noticed a greater mummy
 74886 | Zig:14   | Killed a greater mummy
 74886 | Zig:14   | Reached skill level 10 in Shields
 74888 | Zig:14   | Killed a greater mummy
 74889 | Zig:14   | Noticed a greater mummy
 74893 | Zig:14   | Noticed a greater mummy
 74894 | Zig:14   | Killed a greater mummy
 74899 | Zig:14   | Noticed a greater mummy
 74899 | Zig:14   | Killed a greater mummy
 74902 | Zig:14   | Killed a greater mummy
 75044 | Zig:15   | Entered Level 15 of a ziggurat
 75064 | Zig:15   | Reached skill level 10 in Staves
 75100 | Zig:15   | Got a fine pewter amulet
 75101 | Zig:15   | Identified the amulet "Rukeoh" {*Confuse rF- rN+++ Regen+ SInv} (You found it on level 15 of a ziggurat)
 75175 | Zig:16   | Entered Level 16 of a ziggurat
 75228 | Zig:16   | Learned a level 7 spell: Orb of Destruction
 75249 | Zig:16   | Identified the Catalogue of Enchanting Illusion
 75257 | Zig:16   | Learned a level 6 spell: Invisibility
 75273 | Zig:16   | Got a vibrating copper ring
 75324 | Zig:17   | Entered Level 17 of a ziggurat
 75332 | Zig:17   | Noticed a greater mummy
 75336 | Zig:17   | Killed a greater mummy
 75336 | Zig:17   | Reached skill level 1 in Hexes
 75337 | Zig:17   | Noticed a greater mummy
 75338 | Zig:17   | Noticed a greater mummy
 75339 | Zig:17   | Noticed a greater mummy
 75339 | Zig:17   | Killed a greater mummy
 75340 | Zig:17   | Killed a greater mummy
 75340 | Zig:17   | Killed a greater mummy
 75340 | Zig:17   | Killed a greater mummy
 75341 | Zig:17   | Noticed a greater mummy
 75345 | Zig:17   | Killed a greater mummy
 75347 | Zig:17   | Noticed a greater mummy
 75348 | Zig:17   | Killed a greater mummy
 75348 | Zig:17   | Killed a greater mummy
 75349 | Zig:17   | Noticed a greater mummy
 75350 | Zig:17   | Noticed a greater mummy
 75351 | Zig:17   | Killed a greater mummy
 75352 | Zig:17   | Killed a greater mummy
 75450 | Zig:17   | Identified the ring of Wurhifeh {MR+ Stlth-} (You found it on level 16 of a ziggurat)
 75453 | Zig:17   | Got a smoking brass ring
 75454 | Zig:17   | Identified the ring of Qazlal's Regard {*Contam rF+ rN+ Str+6 Dex+3} (You found it on level 17 of a ziggurat)
 75459 | Zig:17   | Identified the Reference Book on Snow
 75483 | Zig:17   | Got a transparent brass ring
 75484 | Zig:17   | Identified the ring of Bodily Harmony {rN+ MR+ MP+9 Str-5 Int+3} (You found it on level 17 of a ziggurat)
 75534 | Zig:18   | Entered Level 18 of a ziggurat
 75580 | Zig:18   | Identified the Tome of Floating Creation
 75598 | Zig:19   | Entered Level 19 of a ziggurat
 75735 | Zig:19   | epen: !lg xeno23
 75737 | Zig:20   | Entered Level 20 of a ziggurat
 75739 | Zig:20   | beem: 574. xeno23 the Conqueror (L27 NaVM of Cheibriados), escaped with the Orb and 15 runes on 2016-04-27 13:33:15, with 18526813 points after 83599 turns and 11:43:48.
 75746 | Zig:20   | Noticed an ancient lich
 75749 | Zig:20   | Noticed an ancient lich
 75749 | Zig:20   | Noticed an ancient lich
 75749 | Zig:20   | Reached skill level 27 in Fire Magic
 75750 | Zig:20   | Killed an ancient lich
 75750 | Zig:20   | Killed an ancient lich
 75751 | Zig:20   | Noticed an ancient lich
 75751 | Zig:20   | Killed an ancient lich
 75753 | Zig:20   | Killed an ancient lich
 75755 | Zig:20   | Noticed an ancient lich
 75755 | Zig:20   | Killed an ancient lich
 75757 | Zig:20   | Killed an ancient lich
 75794 | Zig:20   | Got a bound pewter ring
 75795 | Zig:20   | Identified the ring "Voust" {SustAt rF+ Int+4 Slay+2} (You found it on level 20 of a ziggurat)
 75855 | Zig:21   | Entered Level 21 of a ziggurat
 75979 | Zig:21   | Gained mutation: Your flesh is cold resistant. [potion of beneficial mutation]
 76019 | Zig:22   | Entered Level 22 of a ziggurat
 76074 | Zig:22   | Identified the Volume of Transmutation and the Mountains
 76077 | Zig:22   | Identified Cerebov's Guide on Attacks
 76118 | Zig:22   | Identified the Almanac of Curses and Dark Magic (You found it on level 22 of a ziggurat)
 76138 | Zig:23   | Entered Level 23 of a ziggurat
 76145 | Zig:23   | Noticed a greater mummy
 76146 | Zig:23   | Noticed a greater mummy
 76148 | Zig:23   | Noticed a greater mummy
 76148 | Zig:23   | Killed a greater mummy
 76148 | Zig:23   | Killed a greater mummy
 76149 | Zig:23   | Noticed a greater mummy
 76152 | Zig:23   | Killed a greater mummy
 76153 | Zig:23   | Noticed a greater mummy
 76153 | Zig:23   | Killed a greater mummy
 76154 | Zig:23   | Noticed a greater mummy
 76154 | Zig:23   | Killed a greater mummy
 76155 | Zig:23   | Killed a greater mummy
 76156 | Zig:23   | Killed a greater mummy
 76164 | Zig:23   | Noticed a greater mummy
 76164 | Zig:23   | Noticed a greater mummy
 76165 | Zig:23   | Killed a greater mummy
 76166 | Zig:23   | Killed a greater mummy
 76167 | Zig:23   | Noticed a greater mummy
 76168 | Zig:23   | Killed a greater mummy
 76169 | Zig:23   | Noticed a greater mummy
 76169 | Zig:23   | Noticed a greater mummy
 76171 | Zig:23   | Killed a greater mummy
 76173 | Zig:23   | Killed a greater mummy
 76175 | Zig:23   | Noticed a greater mummy
 76175 | Zig:23   | Noticed a greater mummy
 76176 | Zig:23   | Killed a greater mummy
 76179 | Zig:23   | Killed a greater mummy
 76360 | Zig:23   | Identified Sif Muna's Volume of Beguiling and the Birds
 76364 | Zig:23   | Got a bound steel ring
 76365 | Zig:23   | Identified the ring "Waox" {+Blink +Fly rElec} (You found it on level 23 of a ziggurat)
 76368 | Zig:23   | Identified the Handbook of the Onion
 76374 | Zig:23   | Identified Sif Muna's Guide on Beguiling
 76404 | Zig:24   | Entered Level 24 of a ziggurat
 76429 | Zig:24   | Reached skill level 15 in Shields
 76438 | Zig:24   | Noticed Semmaest the pandemonium lord
 76440 | Zig:24   | Killed Semmaest the pandemonium lord
 76449 | Zig:24   | Reached skill level 15 in Staves
 76452 | Zig:24   | xeno23: какая там была команда для самого быстрого выноса абиссовой руны?
 76454 | Zig:24   | namelastname112: !speedabyss
 76457 | Zig:24   | beem: namelastname112's fastest abyss rune retrieval: 33 turns
 76722 | Zig:24   | xeno23: !speedabyss
 76745 | Zig:25   | Entered Level 25 of a ziggurat
 76746 | Zig:25   | beem: xeno23's fastest abyss rune retrieval: 15 turns
 76753 | Zig:25   | xeno23: hahahahahah
 76777 | Zig:25   | epen: !speedabyss
 76778 | Zig:25   | beem: epen's fastest abyss rune retrieval: 1219 turns
 76785 | Zig:25   | epen: как за 15 ходов можно взять руну?
 76862 | Zig:25   | Got a blackened cloak
 76863 | Zig:25   | Identified the +2 cloak "Ahaxinag" {MP+9 Str+3} (You found it on level 25 of a ziggurat)
 76864 | Zig:25   | epen: даже если ты AK, то тебе надо с первого абиса на третий перейти, как минимум
 76898 | Zig:25   | epen: или тут есть какие-то тонкости?
 76902 | Zig:25   | Identified the Volume of the Unstable Volcanoes
 76903 | Zig:25   | namelastname112: тебя могут сразу на третий забаить
 76903 | Zig:25   | namelastname112: забанить
 76913 | Zig:25   | Got a wavering wooden ring
 76914 | Zig:25   | Identified the ring "Plog" {Fire Int+3 Slay+2} (You found it on level 25 of a ziggurat)
 76920 | Zig:25   | Gained mutation: You have an increased reservoir of magic (+10% MP). [potion of beneficial mutation]
 76955 | Zig:26   | Entered Level 26 of a ziggurat
 76988 | Zig:26   | Noticed Ohuyheyx the pandemonium lord
 76991 | Zig:26   | Killed Ohuyheyx the pandemonium lord
 77016 | Zig:26   | epen: на пятый могут забанить?
 77025 | Zig:26   | namelastname112: запросто
 77190 | Zig:26   | epen: ну тогда это ещё можно за 15 ходов взять
 77204 | Zig:26   | xeno23: >epen's fastest abyss rune retrieval: 1219 turns
 77205 | Zig:26   | xeno23: лел
 77209 | Zig:26   | Identified Sif Muna's Volume of Orientation and Transmutation
 77223 | Zig:26   | namelastname112: ye
 77223 | Zig:26   | namelastname112: ну
 77223 | Zig:26   | namelastname112: епен не так давно начал
 77339 | Zig:27   | Entered Level 27 of a ziggurat
 77359 | Zig:27   | xeno23: ну эта хуйня вообще ничего не значит так то
 77367 | Zig:27   | xeno23: !decentplayer
 77367 | Zig:27   | beem: xeno23 is not a decent player. 1 oneandwon wins (9 to go).
 77371 | Zig:27   | xeno23: !decentplayer namelastname112
 77374 | Zig:27   | beem: namelastname112 is not a decent player. 1 oneandwon wins (9 to go).
 77378 | Zig:27   | xeno23: ну пиздец
 77382 | Zig:27   | xeno23: чтоб стать Достойным
 77387 | Zig:27   | xeno23: надо 10 комб сделать с первой попытки
 77430 | Zig:27   | Got a heavily runed jade ring
 77431 | Zig:27   | Identified the ring of Patience {rC+ rN+ Dex+2} (You found it on level 27 of a ziggurat)
 77433 | Zig:27   | namelastname112: все-таки
 77433 | Zig:27   | namelastname112: какое же говно
 77433 | Zig:27   | namelastname112: этот ваш фаершторм
 77436 | Zig:27   | Got a faintly glowing golden amulet
 77437 | Zig:27   | Identified the amulet "Tothrear" {Faith -Tele +Inv rF+++} (You found it on level 27 of a ziggurat)
 77640 | Lair:1   | namelastname112: пойти томб чели сделать
 77984 | Crypt:1  | Entered Level 1 of the Crypt
 78282 | Crypt:2  | xeno23: да, фш хуже глаца
 78290 | Crypt:2  | xeno23: эти хуйни лос перекрывают
 78292 | Crypt:2  | namelastname112: да бля
 78292 | Crypt:2  | namelastname112: на лос похуй
 78292 | Crypt:2  | xeno23: плюс он то больше, то меньше на клетку дамажит
 78292 | Crypt:2  | xeno23: в мили не ударить
 78292 | Crypt:2  | namelastname112: меня бесит, что я в мили не могу его кинуть
 78292 | Crypt:2  | namelastname112: нормально
 78316 | Crypt:2  | xeno23: я помню так себе годного ДЕФЕ сжег нахуй
 78324 | Crypt:2  | xeno23: в аду уже на последних рунах
 78330 | Crypt:3  | Entered Level 3 of the Crypt
 78332 | Crypt:3  | xeno23: на макспауере по себе уебал на ~100
 78391 | Crypt:3  | Found a magical portal.
 78413 | WizLab   | Entered Cigotuvi's Fleshworks
 78483 | WizLab   | jacquesderrida: НАМИР!!!!!!!!!!
 78564 | WizLab   | xeno23: ой
 78566 | WizLab   | xeno23: да это же моя любимая лаба
 78570 | WizLab   | xeno23: няшность какая
 78603 | WizLab   | xeno23: вы в курсе, что тут стены типа из мяса
 78605 | WizLab   | Got a heavily runed jade ring
 78606 | WizLab   | Identified the ring of Xom's Recklessness {rElec rPois rN+ Dex+2} (You found it in a wizard's laboratory)
 78608 | WizLab   | namelastname112: и пол
 78812 | WizLab   | Identified Cigotuvi's Volume of Lethal Transmutation
 78844 | WizLab   | Gained mutation: You have sharp toenails. [potion of beneficial mutation]
 78858 | WizLab   | Gained mutation: You have a pair of small antennae on your head. [potion of beneficial mutation]
 78861 | WizLab   | Gained mutation: You have a pair of antennae on your head. [potion of beneficial mutation]
 79121 | Crypt:3  | incide: томбу орбран?
 79127 | Crypt:3  | namelastname112: я делал уже
 79143 | Crypt:3  | incide: ну можно еще, чо
 79330 | Crypt:3  | Found an ancient bone altar of Kikubaaqudgha.
 79333 | Crypt:3  | Found a basalt altar of Yredelemnul.
 79377 | Crypt:3  | incide: rc+++ wiz, хуясе колечки
 79377 | Crypt:3  | namelastname112: ммм
 79377 | Crypt:3  | namelastname112: мажин
 79384 | Crypt:3  | Got a smoking jade ring
 79385 | Crypt:3  | Identified the ring "Das Gipo" {rN+ Dex+3 Stlth+} (You found it on level 3 of the Crypt)
 79391 | Crypt:3  | Got a glittering tin ring
 79392 | Crypt:3  | Identified the ring "Meibit" {rF- rN+ MP+9 Str+3 Int+5} (You found it on level 3 of the Crypt)
 79399 | Crypt:3  | Identified the Almanac of Toxins
 79499 | Crypt:3  | Found a staircase to the Tomb.
 79508 | Tomb:1   | Entered Level 1 of the Tomb of the Ancients
 79572 | Tomb:1   | incide: нда, томба с фш вообще изи
 79739 | Tomb:2   | Noticed a greater mummy
 79739 | Tomb:2   | Noticed a greater mummy
 79739 | Tomb:2   | Noticed a greater mummy
 79739 | Tomb:2   | Noticed a greater mummy
 79742 | Tomb:2   | Killed a greater mummy
 79756 | Tomb:2   | Killed a greater mummy
 79761 | Tomb:1   | Killed a greater mummy
 79762 | Tomb:1   | Killed a greater mummy
 80448 | Tomb:2   | incide: зигов уже начистил, как я понимаю?
 80449 | Tomb:2   | namelastname112: 2
 80634 | Tomb:3   | Entered Level 3 of the Tomb of the Ancients
 80647 | Tomb:3   | Noticed a greater mummy
 80649 | Tomb:3   | Noticed a greater mummy
 80649 | Tomb:3   | Killed a greater mummy
 80649 | Tomb:3   | Killed a greater mummy
 80651 | Tomb:3   | incide: хм, а чо инакк с собой еще носишь
 80658 | Tomb:3   | Noticed a greater mummy
 80660 | Tomb:3   | Killed a greater mummy
 80661 | Tomb:3   | Noticed a greater mummy
 80661 | Tomb:3   | Killed a greater mummy
 80756 | Tomb:3   | Noticed a greater mummy
 80760 | Tomb:3   | Killed a greater mummy
 81006 | Tomb:3   | Noticed a greater mummy
 81008 | Tomb:3   | Noticed a greater mummy
 81009 | Tomb:3   | Killed a greater mummy
 81011 | Tomb:3   | Noticed a greater mummy
 81027 | Tomb:3   | Killed a greater mummy
 81029 | Tomb:3   | Killed a greater mummy
 81202 | Tomb:3   | namelastname112: ну
 81202 | Tomb:3   | namelastname112: у меня молния
 81202 | Tomb:3   | namelastname112: и еще чето
 81203 | Tomb:3   | namelastname112: а
 81203 | Tomb:3   | namelastname112: и иннак
 81207 | Tomb:3   | Got a steaming wooden ring
 81208 | Tomb:3   | Identified the ring "Sieceuka" {*Tele rElec rC- Str+8} (You found it on level 3 of the Tomb of the Ancients)
 81211 | Tomb:3   | Got an encrusted cloak
 81212 | Tomb:3   | Identified the +3 cloak "Pomap" {rPois Slay+3} (You found it on level 3 of the Tomb of the Ancients)
 81217 | Tomb:3   | Identified the Papyrus of Enchantment
 81220 | Tomb:3   | Noticed a greater mummy
 81224 | Tomb:3   | Killed a greater mummy
 81258 | Tomb:3   | Got a pitted ivory amulet
 81259 | Tomb:3   | Identified the amulet "Ejevebic" {*Corrode +Rage rF+ MR+ MP+9} (You found it on level 3 of the Tomb of the Ancients)
 81275 | Tomb:3   | Killed Frederick
 81298 | Tomb:3   | Identified the Guide on Lucky Venom
 81299 | Tomb:3   | namelastname112: сука лол
 81299 | Tomb:3   | namelastname112: фредерик сдох
 81299 | Tomb:3   | namelastname112: где-то
 81299 | Tomb:3   | namelastname112: в ирке месседж выскочил
 81374 | Tomb:3   | Got a golden rune of Zot
 81466 | Tomb:3   | Got a shimmering amber ring
 81475 | Tomb:3   | incide: я только щас обратил внимание, что томба три сделана в форме матки
 81476 | Tomb:3   | Identified the ring "Vanewaz" {Fire *Corrode rPois SInv} (You found it on level 3 of the Tomb of the Ancients)
 81720 | Tomb:1   | incide: ого, и всего 81к ходов
 82911 | Depths:2 | xeno23: You drop the amulet of Summer {Harm *Drain rF+ Str+4 Int-2 SInv}.
 82930 | Depths:2 | xeno23: а зин то харм запрещает
 82936 | Depths:2 | xeno23: петушок
 82936 | Depths:2 | namelastname112: да
 82936 | Depths:2 | namelastname112: описание почитай
 82936 | Depths:2 | namelastname112: тип злой
 83416 | Depths:3 | Found Qieg's Antique Weapon Shoppe.
 83552 | Depths:3 | Found a one-way gate to the infinite horrors of the Abyss.
 84188 | Depths:3 | Found a one-way gate leading to the halls of Pandemonium.
 84208 | Pan      | Entered Pandemonium
 84241 | Pan      | Found an exit through the horrors of the Abyss.
 84246 | Pan      | Entered the realm of Mnoleg.
 84246 | Pan      | Found an exit through the horrors of the Abyss.
 84391 | Pan      | Noticed Mnoleg
 84398 | Pan      | Killed Mnoleg
 84423 | Pan      | Got a glowing rune of Zot
 84475 | Pan      | Found an exit through the horrors of the Abyss.
 84500 | Pan      | Noticed Loqugar the pandemonium lord
 84508 | Pan      | Killed Loqugar the pandemonium lord
 84710 | Pan      | Noticed Daddox the pandemonium lord
 84720 | Pan      | Killed Daddox the pandemonium lord
 84729 | Pan      | incide: лол, хуй-сороконожка
 84732 | Pan      | namelastname112: бля
 84732 | Pan      | namelastname112: как же это заебно
 84732 | Pan      | incide: панлордам прям столько запчастей понарисовали
 84732 | Pan      | namelastname112: чистить эти ебучие паны
 84732 | Pan      | namelastname112: ады
 84732 | Pan      | namelastname112: пиздец
 84733 | Pan      | namelastname112: но ксено ругаться будет
 84733 | Pan      | namelastname112: если я этим чаром 15 не выиграю
 84733 | Pan      | incide: та ладно, обычно успеваешь руны собрать панов за 50
 84758 | Pan      | incide: им вроде поменяли код генерации, чтобы чаще рунные уровни выпадали
 84929 | Pan      | Noticed Pavvaomm the pandemonium lord
 84931 | Pan      | incide: inb4 холипан
 84931 | Pan      | namelastname112: and a horn in place of a head.
 84932 | Pan      | Killed Pavvaomm the pandemonium lord
 84956 | Pan      | epen: как зовут панлорда с русским именем?
 84956 | Pan      | Got a demonic rune of Zot
 84973 | Pan      | namelastname112: че
 84973 | Pan      | epen: ну бля
 84973 | Pan      | namelastname112: церебов?
 84978 | Pan      | epen: у него имя такое русское
 84983 | Pan      | epen: да
 84990 | Pan      | epen: во
 85154 | Pan      | incide: лол, ты уже на таббера переключился
 85169 | Pan      | Found a huge runed gate.
 85186 | Pan      | Noticed Cidamif the pandemonium lord
 85205 | Pan      | Killed Cidamif the pandemonium lord
 85429 | Pan      | Noticed Ignacio
 85430 | Pan      | namelastname112: ммм
 85430 | Pan      | incide: о, игнат
 85430 | Pan      | namelastname112: ингат
 85430 | Pan      | namelastname112: давно не видел
 85440 | Pan      | Killed Ignacio
 85448 | Pan      | incide: он с хастой, можешь не блинковать
 85480 | Pan      | Noticed Tausicio the pandemonium lord
 85484 | Pan      | incide: а, ты еще и с шариком бегаешь
 85484 | Pan      | Killed Tausicio the pandemonium lord
 85568 | Pan      | Noticed Zotepsi the pandemonium lord
 85571 | Pan      | Killed Zotepsi the pandemonium lord
 85577 | Pan      | Entered the realm of Lom Lobon.
 85603 | Pan      | incide: о, ломчик
 85614 | Pan      | incide: ломчик с фш скучен
 85653 | Pan      | namelastname112: да он и с глацем скучен
 85760 | Pan      | Noticed Lom Lobon
 85768 | Pan      | Killed Lom Lobon
 85809 | Pan      | Got a magical rune of Zot
 85910 | Pan      | Found an exit through the horrors of the Abyss.
 85963 | Pan      | Found an exit through the horrors of the Abyss.
 86032 | Pan      | epen: если ты пана в абис кинешь, то во время орбрана он будет тебя преследовать?
 86041 | Pan      | Reached skill level 27 in Conjurations
 86042 | Pan      | namelastname112: ммм
 86042 | Pan      | namelastname112: в смысле?
 86042 | Pan      | namelastname112: если ты уник панлорда забанишь?
 86042 | Pan      | epen: да
 86042 | Pan      | namelastname112: думаю да
 86042 | Pan      | namelastname112: но не знаю
 86064 | Pan      | Noticed Qufebrira the pandemonium lord
 86072 | Pan      | Killed Qufebrira the pandemonium lord
 86285 | Pan      | Found an exit through the horrors of the Abyss.
 86335 | Pan      | Found an exit through the horrors of the Abyss.
 86420 | Pan      | Noticed Lyrifowk the pandemonium lord
 86440 | Pan      | Killed Lyrifowk the pandemonium lord
 86562 | Pan      | Reached skill level 27 in Spellcasting
 86600 | Pan      | epen: бля, опять какую-то длс для айзека делают
 86619 | Pan      | namelastname112: дык лол
 86619 | Pan      | namelastname112: сколько делают уже
 86633 | Pan      | namelastname112: ой фу
 86633 | Pan      | namelastname112: холи пан
 86649 | Pan      | epen: опять всю хуйню выбивать
 86818 | Pan      | epen: лол
 86823 | Pan      | epen: ты руну-то взял?
 86827 | Pan      | namelastname112: у меня есть уже
 86827 | Pan      | namelastname112: демоник
 86846 | Pan      | Found an exit through the horrors of the Abyss.
 86904 | Pan      | Entered the realm of Cerebov.
 86930 | Pan      | epen: у паука какая руна?
 86938 | Pan      | namelastname112: dark
 86978 | Pan      | epen: ммм
 86984 | Pan      | epen: церебов
 87104 | Pan      | namelastname112: ебаный шар
 87104 | Pan      | namelastname112: сука
 87104 | Pan      | namelastname112: вот бы кларити намутировать
 87163 | Pan      | xeno23: о
 87177 | Pan      | xeno23: я смотрю ты на 15 решил
 87328 | Pan      | namelastname112: ну
 87328 | Pan      | namelastname112: ты бы ругался
 87328 | Pan      | xeno23: ну как тебе в огненном пане с фш?
 87328 | Pan      | namelastname112: если бы не решил
 87328 | Pan      | xeno23: нраится?
 87328 | Pan      | namelastname112: да норм
 87328 | Pan      | namelastname112: чуть не сдох вот
 87328 | Pan      | namelastname112: словил конфуз от шара
 87427 | Pan      | xeno23: ммм
 87431 | Pan      | xeno23: от дрочильного?
 87433 | Pan      | namelastname112: ну от какого еще
 87444 | Pan      | xeno23: ну надо 27 эвоков жи
 87450 | Pan      | xeno23: хмм
 87473 | Pan      | xeno23: ну короче
 87481 | Pan      | xeno23: зин пиздец какой крутой
 87487 | Pan      | Noticed Cerebov
 87487 | Pan      | xeno23: топпест оф топ
 87490 | Pan      | xeno23: особенно в аду
 87562 | Pan      | xeno23: я уже все руны собрал и орб вынес
 87661 | Pan      | xeno23: за час весь ад пронес
 87686 | Pan      | epen: !lg xeno23
 87687 | Pan      | beem: 574. xeno23 the Conqueror (L27 NaVM of Cheibriados), escaped with the Orb and 15 runes on 2016-04-27 13:33:15, with 18526813 points after 83599 turns and 11:43:48.
 87704 | Pan      | xeno23: всякая шваль типа торментеров просто в столбы превращяется
 87715 | Pan      | xeno23: пушка короче
 87722 | Pan      | namelastname112: ну да
 87722 | Pan      | namelastname112: лол
 87722 | Pan      | namelastname112: зин клевый вообще
 87730 | Pan      | xeno23: ну и сейв абилки
 87744 | Pan      | xeno23: полный иммун и тюрячка
 87746 | Pan      | xeno23: годнота
 87766 | Pan      | xeno23: >эта магоболь
 87767 | Pan      | namelastname112: блять
 87767 | Pan      | namelastname112: как он заебал
 88013 | Pan      | epen: возьми руну и съеби с теле
 88051 | Pan      | namelastname112: шлюза
 88051 | Pan      | namelastname112: ха
 88051 | Pan      | namelastname112: ему вообще поебать
 88051 | Pan      | epen: смотри чтобы шарик конфуз не кинул
 88051 | Pan      | epen: а то пизда
 88051 | Pan      | namelastname112: хули все так хвалят этот ебучий фаершторм
 88051 | Pan      | namelastname112: говнище же
 88051 | Pan      | epen: ну ты с ним только тут сосёшь
 88051 | Pan      | epen: чё
 88051 | Pan      | namelastname112: огнемагия вообще параша короче
 88103 | Pan      | Got a fiery rune of Zot
 88286 | Pan      | xeno23: под конфузом трансформацию можно заканчивать?
 88287 | Pan      | namelastname112: неа
 88310 | Pan      | xeno23: огнемагию надо вместе с иш или лцс просто качать
 88311 | Pan      | Noticed Ivemmon the pandemonium lord
 88314 | Pan      | Killed Ivemmon the pandemonium lord
 88338 | Pan      | Entered the realm of Gloorx Vloq.
 88339 | Pan      | xeno23: в геене и дисе ты будешь страдать короч
 88340 | Pan      | namelastname112: вот это высадка
 88344 | Pan      | Noticed Gloorx Vloq
 88344 | Pan      | Reached skill level 27 in Evocations
 88346 | Pan      | xeno23: ох воу
 88347 | Pan      | Killed Gloorx Vloq
 88371 | Pan      | Got a dark rune of Zot
 88384 | Pan      | xeno23: !lg
 88385 | Pan      | beem: 575. xeno23 the Bringer of Law (L27 VSMo of Zin), escaped with the Orb and 15 runes on 2016-04-29 14:28:48, with 20333748 points after 75139 turns and 9:37:31.
 88387 | Pan      | Found an exit through the horrors of the Abyss.
 88396 | Pan      | Took an exit into the Abyss.
 88396 | Abyss:1  | Escaped into the Abyss
 88400 | Abyss:1  | xeno23: !ts
 88421 | Abyss:1  | xeno23: !topscore
 88428 | Abyss:2  | Found a corrupted altar of Lugonu.
 88492 | Abyss:3  | xeno23: как там на топ скор команда?
 88493 | Abyss:3  | namelastname112: !hs
 88494 | Abyss:3  | beem: 3903. namelastname112 the Grand Master (L27 OpMo of Cheibriados), escaped with the Orb and 15 runes on 2016-03-08 16:30:06, with 19224276 points after 80271 turns and 4:33:05.
 88497 | Abyss:3  | xeno23: мм
 88507 | Abyss:3  | xeno23: !hs
 88509 | Abyss:3  | beem: 575. xeno23 the Bringer of Law (L27 VSMo of Zin), escaped with the Orb and 15 runes on 2016-04-29 14:28:48, with 20333748 points after 75139 turns and 9:37:31.
 88517 | Abyss:3  | xeno23: вот
 88571 | Abyss:3  | xeno23: успешен
 88591 | Abyss:3  | Found an iron altar of Okawaru.
 88604 | Abyss:3  | epen: давай на четвёртый
 88791 | Abyss:3  | xeno23: !decentplayer
 88801 | Abyss:3  | beem: xeno23 is not a decent player. 2 oneandwon wins (8 to go).
 88839 | Abyss:3  | xeno23: еще и второй вин в копилку
 89086 | Abyss:3  | incide: что значит oneandwon
 89094 | Abyss:3  | namelastname112: с первого раза за комбу выиграть
 89094 | Abyss:3  | incide: типа первый раз берешь комбу и сразу выигрываешь
 89099 | Abyss:3  | incide: ага
 89239 | Abyss:3  | incide: абуссруну-то уже взял?
 89280 | Abyss:3  | Reached skill level 27 in Fighting
 89354 | Abyss:3  | epen: Нет, гуляет ещё
 89432 | Abyss:3  | incide: надо глубже
 89476 | Abyss:3  | epen: вот и я говорю, что надо на четвёртый
 89644 | Abyss:3  | incide: ванд пропустил
 89649 | Abyss:4  | Found a corrupted altar of Lugonu.
 89651 | Abyss:4  | incide: или хаста/хв уже есть
 89665 | Abyss:4  | incide: а
 89845 | Abyss:4  | epen: а там не волт слева был?
 90060 | Abyss:5  | Entered Level 5 of the Abyss
 90086 | Abyss:5  | incide: GLOOBZHE
 90226 | Abyss:5  | Paralysed by accursed screaming for 2 turns
 90327 | Abyss:5  | Found a corrupted altar of Lugonu.
 90442 | Abyss:5  | epen: ммм
 90442 | Abyss:5  | incide: о, бенемут
 90442 | Abyss:5  | namelastname112: curemut
 90479 | Abyss:5  | epen: регена нет?
 90480 | Depths:3 | Escaped the Abyss
 90788 | Depths:3 | Voluntarily entered the Abyss.
 90807 | Abyss:1  | incide: видимо, нет
 90829 | Abyss:1  | incide: иначе он бы им пользовался
 90845 | Abyss:1  | namelastname112: блять
 90845 | Abyss:1  | incide: ахахахахааа
 90845 | Abyss:1  | namelastname112: я ебаный наркоман
 90845 | Abyss:1  | epen: лол
 90845 | Abyss:1  | namelastname112: сука
 90845 | Abyss:1  | epen: прикольно тебе
 90847 | Depths:3 | Escaped the Abyss
 90848 | Depths:3 | incide: ну ладно, всего 4-5 тыщ ходов просрал
 90887 | Depths:3 | incide: зато по абиссам пробежался
 90890 | Depths:2 | incide: ЭКСПЫ ПОКАЧАЛ, опять же
 90948 | Depths:2 | incide: в теории в абиссах можно аутировать бесконечно и вкачать все по 27
 90950 | Depths:2 | namelastname112: только зачем
 90950 | Depths:2 | incide: это как зиги чистить, только еще хуже
 90999 | Hell     | Entered the Vestibule of Hell
 90999 | Hell     | Noticed Geryon
 91001 | Hell     | epen: чтобы все охуели как ты можешь
 91004 | Hell     | Killed Geryon
 91018 | Hell     | incide: помню, была тема с грайндом мусу
 91022 | Hell     | incide: садишься такой на д:2, спамишь спаммалов
 91023 | Hell     | incide: и ждешь
 91028 | Hell     | incide: сгенерился гоблин - убиваешь
 91029 | Hell     | incide: оод-спавнов тогда еще не было
 91032 | Hell     | incide: и люди по двадцать, по сорок тыщ ходов хуйней страдали
 91033 | Hell     | incide: скрипты писали
 91035 | Depths:2 | namelastname112: блять
 91035 | Depths:2 | incide: УШЛА ЭПОХА
 91035 | Depths:2 | xeno23: ебучий аутизм
 91035 | Depths:2 | namelastname112: какой же ад
 91292 | Depths:2 | epen: прикольно тебе огненных пацанов огнём бить
 91293 | Depths:2 | xeno23: у тебя хоть шар есть
 91293 | Depths:2 | namelastname112: ниче-ничу
 91293 | Depths:2 | namelastname112: ща я палку сворую
 91293 | Depths:2 | xeno23: я вот дефе без шара играл
 91293 | Depths:2 | namelastname112: вообще похуй будет
 91293 | Depths:2 | incide: ну фш огненных тоже попиливает, физическим компонентом
 91294 | Depths:2 | incide: шатер бы тебе
 91297 | Hell     | xeno23: лол
 91297 | Hell     | incide: или торнадо
 91298 | Hell     | xeno23: вот шатер точно нахуй не нужен
 91695 | Hell     | namelastname112: эти 86 маны
 91714 | Hell     | Found a gateway to the decaying netherworld of Tartarus.
 91756 | Hell     | Found a gateway to the Iron City of Dis.
 91761 | Dis:1    | Entered Level 1 of the Iron City of Dis
 91816 | Dis:2    | epen: не люблю айрон сити только из-за гигантов
 91854 | Dis:4    | xeno23: ну кастеру они не опасны
 91886 | Dis:6    | xeno23: лучше бы ты вместо оод лцс выучил
 91905 | Dis:6    | xeno23: ну уже поздно
 91951 | Dis:6    | incide: лцс мажет
 91957 | Dis:7    | Entered Level 7 of the Iron City of Dis
 91958 | Dis:7    | namelastname112: лел
 91958 | Dis:7    | incide: хотя лучше орба, это да
 91958 | Dis:7    | namelastname112: оод тоже мажет
 91999 | Dis:7    | xeno23: у диса например фулл иммун к огню
 92015 | Dis:7    | xeno23: ??dispather
 92015 | Dis:7    | beem: dispather ~ dispater[1/2]: Lord of Dis (duh), and guardian of the iron rune. Has summon greater demon, crystal spear, iron shot, hellfire, and lots of AC to back it up. Drops his {staff of Dispater} if killed.
 92016 | Dis:7    | namelastname112: @??dispater
 92016 | Dis:7    | beem: Dispater (&)
                  | Spd:
    10 | HD: 16   | HP: 360-513
                  | AC/EV: 40/3
                  | Dam: 50
                  | demonic, weapons, items, doors, fighter, unholy, see invisible
                  | Res: magic(immune), damnation, fire+++, cold, elec+++, poison, rot, neg+++, torm
                  | Vul: holy++
                  | XP: 9481
                  | Sp: sum.greater demon [!sil], crystal spear (3d35) [!sil], iron shot (3d29) [!sil], hurl damnation
 92016 | Dis:7    | namelastname112: вот блять
 92016 | Dis:7    | namelastname112: я говорю
 92016 | Dis:7    | namelastname112: глац
 92016 | Dis:7    | namelastname112: лучшая девятка
 92016 | Dis:7    | xeno23: вот вот
 92044 | Dis:7    | incide: у фш смайт-таргетинг зато
 92056 | Dis:7    | namelastname112: охуеть плюс
 92056 | Dis:7    | namelastname112: с глацем как-то похуй
 92056 | Dis:7    | xeno23: ну тебе придется раз 50 фш кастануть чтоб диса или церебова убить зато
 92056 | Dis:7    | namelastname112: потому что чуть ли не во весь лос ебешь
 92235 | Dis:7    | xeno23: вообще вот таким чистым магом играть это геморой
 92236 | Dis:7    | incide: шото тебя прям глубже и глубже блинкает
 92238 | Dis:7    | xeno23: лучше уж гибридом
 92263 | Dis:7    | incide: гибрида пока разгонишь, уже 15 рун соберешь
 92270 | Dis:7    | xeno23: кстати вы слышали, что колоды хотят выпилить
 92275 | Dis:7    | incide: и немелеха? :о
 92275 | Dis:7    | xeno23: только для немелекса оставить
 92276 | Dis:7    | incide: а
 92278 | Dis:7    | incide: тогда норм, пожалуй
 92293 | Dis:7    | incide: все равно колоды почти никому, кроме немелехитов, не нужны
 92308 | Dis:7    | xeno23: и типа они будут у немелекса через окно абилок
 92315 | Dis:7    | namelastname112: мне нужны
 92315 | Dis:7    | namelastname112: как же мой фокус
 92351 | Dis:7    | incide: это когда вытягиваешь томб и регенишься в коробочке?
 92360 | Dis:7    | namelastname112: нет
 92360 | Dis:7    | namelastname112: это когда я силу в инт перекачиваю
 92370 | Dis:7    | incide: а, тролль-визард
 92379 | Dis:7    | xeno23: как-то это юзлесс
 92387 | Dis:7    | xeno23: ну будешь ты без силы и без дексы
 92391 | Dis:7    | xeno23: хуево же
 92398 | Dis:7    | Noticed Dispater
 92402 | Dis:7    | namelastname112: бля заебиьс
 92402 | Dis:7    | xeno23: ты с дисом не шути
 92402 | Dis:7    | namelastname112: спелл 9 лвла
 92402 | Dis:7    | xeno23: лцс в рожу даст
 92402 | Dis:7    | namelastname112: ему вообще ссать
 92403 | Dis:7    | epen: было бы забавно, если бы тут огонь бил в разы сильнее по металлу
 92415 | Dis:7    | epen: ЭТО СУПЕРЭФФЕКТИВНО
 92436 | Dis:7    | Killed Dispater
 92444 | Dis:7    | namelastname112: с праймалами не шути нахуй
 92524 | Dis:7    | Got an iron rune of Zot
 92526 | Dis:7    | Identified the Grimoire of Freezing Confrontation (You found it on level 7 of the Iron City of Dis)
 92530 | Dis:7    | Identified the Almanac of Blistering Poisoning (You found it on level 7 of the Iron City of Dis)
 92533 | Dis:7    | Identified Nuhusynn's Guide on the Snowflakes
 92968 | Tar:1    | Entered Level 1 of Tartarus
 92978 | Tar:1    | xeno23: вообще это смешно
 92983 | Tar:2    | xeno23: на супер еба-магию ему похуй
 92984 | Tar:2    | Reached skill level 27 in Dodging
 92987 | Tar:2    | xeno23: а какие-то твари из коробки сожрали
 93082 | Tar:2    | xeno23: кстати
 93087 | Tar:2    | xeno23: как там lighting scales переводится?
 93088 | Tar:2    | namelastname112: МНГНОВЕННЫЙ МАСШТАБИРУЕТСЯ
 93088 | Tar:2    | xeno23: lf
 93089 | Tar:2    | xeno23: лол
 93098 | Tar:2    | epen: как там dragon hide переводится?
 93101 | Tar:2    | incide: ДРАКОН ПРЯЧЬСЯ
 93105 | Tar:2    | xeno23: убежище дракона!
 93242 | Tar:3    | namelastname112: блять
 93242 | Tar:3    | namelastname112: верните мне мой кристал бол оф сиинг
 93267 | Tar:3    | incide: ВАШ ШАРМ НАВЫК УВЕЛИЧИВАЕТСЯ ДО 12!
 93329 | Tar:3    | xeno23: а чем он отличался?
 93391 | Tar:3    | namelastname112: он куски мапы показывал
 93416 | Tar:3    | xeno23: помню вот раньше было кольцо на цтеле
 93419 | Tar:3    | xeno23: можно было выбрать куда портнуться
 93473 | Tar:3    | epen: только туда где был
 93491 | Tar:3    | epen: или вообще в любую точку на карте?
 93533 | Tar:3    | incide: вообще в любую
 93541 | Tar:3    | xeno23: вроде можно было маппингом просканить
 93554 | Tar:3    | xeno23: и туда тп
 93567 | Tar:3    | incide: потом это пофиксили, чтобы на важных уровнях был -цтеле
 93587 | Tar:3    | incide: ибо нехуй вот это орб выносить
 93611 | Tar:3    | incide: с двух телепортов
 93691 | Tar:4    | incide: еще были смешные стратегии по корраптингу зот:5 с люськой
 93754 | Tar:5    | incide: потому что коррапт любые вообще стены убирал
 93795 | Tar:7    | Entered Level 7 of Tartarus
 93797 | Tar:7    | xeno23: ну так и сейчас можно вроде
 93797 | Tar:7    | namelastname112: лол блять
 93797 | Tar:7    | namelastname112: даже анначурали хард рок?
 93804 | Tar:7    | incide: не, щас коррапт корраптит, но ааначурал не трогает
 93812 | Tar:7    | Noticed an ancient lich
 93816 | Tar:7    | Killed an ancient lich
 93833 | Tar:7    | incide: НЕПРИРОДНЫЙ ХАРД РОК
 93858 | Tar:7    | incide: ВИА "ЖЕЛЕЗНАЯ ДЕВА"
 93866 | Tar:7    | xeno23: он у тебя с этими красными крыльями
 93868 | Tar:7    | xeno23: выглядит как какой-то сотона
 93950 | Tar:7    | Noticed Ereshkigal
 93954 | Tar:7    | Killed Ereshkigal
 93980 | Tar:7    | Got a bone rune of Zot
 94082 | Hell     | namelastname112: как же меня заебали ады
 94122 | Hell     | Found a gateway to the ashen valley of Gehenna.
 94131 | Geh:1    | Entered Level 1 of Gehenna
 94134 | Hell     | incide: геенну на сладкое не будешь оставлять?
 94160 | Hell     | incide: ух ты
 94172 | Hell     | incide: за стенами ада
 94210 | Geh:1    | xeno23: свиньи унижают огнемага в его собственном аду
 94242 | Geh:2    | incide: смотреть онлайн скачать бесплатно без регистрации
 94245 | Geh:2    | namelastname112: >rof
 94245 | Geh:2    | namelastname112: >rc+++
 94262 | Geh:2    | xeno23: лич жи
 94264 | Geh:2    | incide: буржуй бля
 94288 | Geh:2    | xeno23: а вот я вообще щас вынес без рц/рф
 94298 | Geh:4    | xeno23: только в геене надел на один плюсик и коке
 94298 | Geh:4    | namelastname112: ну и че
 94298 | Geh:4    | namelastname112: я антея замилишил
 94298 | Geh:4    | namelastname112: без рц+
 94302 | Geh:4    | xeno23: мм
 94305 | Geh:5    | xeno23: вот меня чуть антей не уебал без рц
 94320 | Geh:5    | xeno23: пришлось его святилищем пугать
 94405 | Geh:7    | Entered Level 7 of Gehenna
 94452 | Geh:7    | Noticed the Serpent of Hell
 94453 | Geh:7    | xeno23: ой вей
 94455 | Geh:7    | incide: о, хеллсерпент вырос
 94457 | Geh:7    | incide: возмужал
 94466 | Geh:7    | namelastname112: ой
 94466 | Geh:7    | namelastname112: зиг случайно поставил
 94467 | Geh:7    | xeno23: лол
 94468 | Geh:7    | Killed the Serpent of Hell
 94481 | Zig:1    | Entered Level 1 of a ziggurat
 94487 | Zig:1    | incide: нет времени руны выносить
 94502 | Zig:1    | incide: время чистить
 94669 | Zig:2    | Entered Level 2 of a ziggurat
 94669 | Zig:2    | Noticed a greater mummy
 94672 | Zig:2    | Killed a greater mummy
 94673 | Zig:2    | namelastname112: aaaa
 94673 | Zig:2    | namelastname112: лаги
 94673 | Zig:2    | jacquesderrida: j - 1800 gold a +0 pearl dragon armour
 94673 | Zig:2    | jacquesderrida: ЧЕ ДЕЛОТЬ!!!!!!!!!!!!!!
 94673 | Zig:2    | xeno23: лол блядь
 94820 | Zig:3    | Entered Level 3 of a ziggurat
 94821 | Zig:3    | jacquesderrida: a - 1355 gold the +8 large shield of the Eagle {rElec Str-3 Int+7 Slay+2}
 94822 | Zig:3    | xeno23: мне в прошлой игре за 10000 продавали перловку
 94822 | Zig:3    | jacquesderrida: ;^)
 94832 | Zig:3    | jacquesderrida: TIME TO CAST
 94850 | Zig:4    | Entered Level 4 of a ziggurat
 94854 | Zig:4    | Noticed a greater mummy
 94855 | Zig:4    | Killed a greater mummy
 94886 | Zig:4    | Got a brightly glowing silver ring
 94887 | Zig:4    | Identified the ring of Luuxt {rN+ Str+3} (You found it on level 4 of a ziggurat)
 94892 | Zig:5    | Entered Level 5 of a ziggurat
 94899 | Zig:5    | Reached skill level 15 in Charms
 94940 | Zig:6    | Entered Level 6 of a ziggurat
 94980 | Zig:7    | Entered Level 7 of a ziggurat
 95004 | Zig:7    | jacquesderrida: You have reached level 16! You feel clever. Your demonic ancestry asserts itself... _You feel power flowing into your body.
 95004 | Zig:7    | jacquesderrida: ЧЕ
 95004 | Zig:7    | jacquesderrida: ЧЕЕ
 95004 | Zig:7    | incide: выкинь ты инакк
 95004 | Zig:7    | jacquesderrida: ПАВАР
 95004 | Zig:7    | jacquesderrida: В МЕНЯ ПОВАР ЗАПЛЫЛ
 95006 | Zig:7    | Got a coiled platinum ring
 95007 | Zig:7    | Identified the ring "Eloloil" {rN+ Int+8} (You found it on level 7 of a ziggurat)
 95032 | Zig:8    | Entered Level 8 of a ziggurat
 95065 | Zig:8    | Got a slimy steel ring
 95066 | Zig:8    | Identified the ring "Hero's Friend" {rPois rC+ rN+++ Dex-2 SInv} (You found it on level 8 of a ziggurat)
 95096 | Zig:9    | Entered Level 9 of a ziggurat
 95101 | Zig:9    | Noticed an orb of fire
 95102 | Zig:9    | Noticed an orb of fire
 95105 | Zig:9    | xeno23: мм
 95106 | Zig:9    | Noticed an orb of fire
 95106 | Zig:9    | xeno23: огнеэтаж
 95106 | Zig:9    | Killed an orb of fire
 95107 | Zig:9    | Noticed an orb of fire
 95107 | Zig:9    | Killed an orb of fire
 95108 | Zig:9    | Killed an orb of fire
 95109 | Zig:9    | Killed an orb of fire
 95111 | Zig:9    | incide: вообще похуй
 95154 | Zig:10   | Entered Level 10 of a ziggurat
 95155 | Zig:10   | xeno23: оофы уже не те
 95163 | Zig:10   | incide: ага
 95340 | Zig:10   | Got a twitching bone ring
 95341 | Zig:10   | Identified the ring of Futozoqu {rElec Str+4 SInv} (You found it on level 10 of a ziggurat)
 95357 | Zig:11   | Entered Level 11 of a ziggurat
 95415 | Zig:11   | xeno23: 33 курмута
 95435 | Zig:12   | Entered Level 12 of a ziggurat
 95447 | Zig:12   | incide: ну а вдруг неккосек
 95452 | Zig:12   | incide: надо быть готовым ко всему
 95481 | Zig:12   | Got a pitted jade amulet
 95482 | Zig:12   | Identified the amulet of Ru's Displeasure {Faith Dex+4} (You found it on level 12 of a ziggurat)
 95524 | Zig:12   | incide: о, а вот и бенемут
 95525 | Zig:12   | Gained mutation: You are resistant to electric shocks. [potion of beneficial mutation]
 95528 | Zig:12   | Got a scintillating steel ring
 95529 | Zig:12   | Identified the cursed ring "Puruicu" {Dex-3 Stlth+} (You found it on level 12 of a ziggurat)
 95555 | Zig:13   | Entered Level 13 of a ziggurat
 95627 | Zig:13   | xeno23: 0.18 чем-нибудь отличается от транка?
 95633 | Zig:13   | namelastname112: пока нет
 95634 | Zig:14   | Entered Level 14 of a ziggurat
 95686 | Zig:14   | Gained mutation: Your mind is acute. (Int +2) [potion of beneficial mutation]
 95690 | Zig:14   | Got an ichor-stained buckler
 95691 | Zig:14   | Identified the +3 buckler "Koin" {Int+5 Dex-4} (You found it on level 14 of a ziggurat)
 95726 | Zig:14   | Identified Sif Muna's Catalogue of Feathery Ice (You found it on level 14 of a ziggurat)
 95749 | Zig:15   | Entered Level 15 of a ziggurat
 95754 | Zig:15   | Noticed a juggernaut
 95757 | Zig:15   | Killed a juggernaut
 95763 | Zig:15   | Noticed a juggernaut
 95765 | Zig:15   | Noticed a juggernaut
 95767 | Zig:15   | Killed a juggernaut
 95767 | Zig:15   | Killed a juggernaut
 95809 | Zig:15   | Gained mutation: You have razor-sharp toenails. [potion of beneficial mutation]
 95811 | Zig:15   | Got a heavily runed tin ring
 95812 | Zig:15   | Identified the ring "Noclol" {rC+ MP+9 EV+4 Dex-5} (You found it on level 15 of a ziggurat)
 95815 | Zig:15   | jacquesderrida: The uncursed hat of Amirur {Int+8}
 95821 | Zig:15   | Identified the Compendium of Displacement and Poison
 95822 | Zig:15   | jacquesderrida: ou have a pair of antennae on your head.
 95824 | Zig:15   | jacquesderrida: спс
 95860 | Zig:16   | Entered Level 16 of a ziggurat
 95927 | Zig:16   | Identified a +4 rod of ignition (13/13) (You found it on level 16 of a ziggurat)
 96000 | Zig:17   | Entered Level 17 of a ziggurat
 96007 | Zig:17   | Noticed Reazinyng the pandemonium lord
 96008 | Zig:17   | Noticed Jeoxid the pandemonium lord
 96008 | Zig:17   | Noticed Juag the pandemonium lord
 96008 | Zig:17   | Noticed Bustau the pandemonium lord
 96009 | Zig:17   | namelastname112: ой блять
 96009 | Zig:17   | namelastname112: плис
 96009 | Zig:17   | namelastname112: только не это говно
 96009 | Zig:17   | namelastname112: ненавижу
 96010 | Zig:17   | Noticed Xoziamos the pandemonium lord
 96010 | Zig:17   | Noticed Beijos the pandemonium lord
 96010 | Zig:17   | Noticed Vioniys the pandemonium lord
 96011 | Zig:17   | Noticed Woyj the pandemonium lord
 96011 | Zig:17   | Noticed Xocoilig the pandemonium lord
 96011 | Zig:17   | Noticed Fupah the pandemonium lord
 96011 | Zig:17   | Noticed Omoen the pandemonium lord
 96011 | Zig:17   | Noticed Xiucyas the pandemonium lord
 96013 | Zig:17   | Noticed Odec Fygh the pandemonium lord
 96013 | Zig:17   | Noticed Funual the pandemonium lord
 96013 | Zig:17   | Noticed Ovomoirph the pandemonium lord
 96013 | Zig:17   | Noticed Pirchab the pandemonium lord
 96013 | Zig:17   | Noticed Anwok the pandemonium lord
 96013 | Zig:17   | Noticed Siwen the pandemonium lord
 96017 | Zig:18   | Entered Level 18 of a ziggurat
 96030 | Zig:18   | jacquesderrida: _You finish putting on the +1 hat of Amirur {Int+8}.
 96030 | Zig:18   | jacquesderrida: бля че
 96033 | Zig:18   | jacquesderrida: с усиками можно!!!!!!
 96034 | Zig:18   | jacquesderrida: ??antennae
 96034 | Zig:18   | beem: antennae[1/1]: Prevents wearing helmets and detects monsters in a 2/4/6 square radius of the player; detected monsters are represented by a red {. Gives sInv and removes head slot at 3.
 96034 | Zig:18   | namelastname112: с усиками 3 нельзя
 96132 | Zig:18   | Got a clouded steel ring
 96133 | Zig:18   | Identified the cursed ring "Ixeces" {rElec rN+ Dex-6} (You found it on level 18 of a ziggurat)
 96140 | Zig:18   | Identified a +2 rod of clouds (10/10) (You found it on level 18 of a ziggurat)
 96144 | Zig:18   | Identified the Guide on Attacks
 96147 | Zig:18   | Identified Faqilop's Intricacies of Thaumaturgy
 96203 | Zig:19   | Entered Level 19 of a ziggurat
 96266 | Zig:19   | Gained mutation: Your tail ends in a poisonous barb. [potion of beneficial mutation]
 96273 | Zig:19   | Identified the Compendium of Enchantment (You found it on level 19 of a ziggurat)
 96299 | Zig:20   | Entered Level 20 of a ziggurat
 96317 | Zig:20   | Noticed an ancient lich
 96322 | Zig:20   | Noticed an ancient lich
 96322 | Zig:20   | Killed an ancient lich
 96325 | Zig:20   | Killed an ancient lich
 96330 | Zig:20   | Killed an ancient lich
 96413 | Zig:20   | Gained mutation: Your tail ends in a sharp poisonous barb. [potion of beneficial mutation]
 96440 | Zig:20   | Identified Zopoggar's Compendium of the Toxic Frostbite
 96521 | Zig:21   | Entered Level 21 of a ziggurat
 96530 | Zig:21   | Noticed a greater mummy
 96533 | Zig:21   | Noticed a greater mummy
 96535 | Zig:21   | Noticed a greater mummy
 96537 | Zig:21   | Killed a greater mummy
 96537 | Zig:21   | Reached skill level 27 in Staves
 96537 | Zig:21   | Killed a greater mummy
 96539 | Zig:21   | Noticed a greater mummy
 96539 | Zig:21   | Killed a greater mummy
 96544 | Zig:21   | Killed a greater mummy
 96545 | Zig:21   | Noticed a greater mummy
 96545 | Zig:21   | Noticed a greater mummy
 96549 | Zig:21   | Noticed a greater mummy
 96549 | Zig:21   | Killed a greater mummy
 96552 | Zig:21   | Noticed a greater mummy
 96552 | Zig:21   | Killed a greater mummy
 96554 | Zig:21   | Noticed a greater mummy
 96554 | Zig:21   | Killed a greater mummy
 96554 | Zig:21   | Killed a greater mummy
 96558 | Zig:21   | Noticed a greater mummy
 96558 | Zig:21   | Killed a greater mummy
 96562 | Zig:21   | Noticed a greater mummy
 96563 | Zig:21   | Killed a greater mummy
 96565 | Zig:21   | Killed a greater mummy
 96566 | Zig:21   | Noticed a greater mummy
 96569 | Zig:21   | Killed a greater mummy
 96717 | Zig:21   | Identified the Disquisition on Boosting Feathers
 96723 | Zig:21   | Identified Ram Puh's Incunabulum of the Spatial Rocks (You found it on level 21 of a ziggurat)
 96844 | Zig:21   | namelastname112: ммм
 96844 | Zig:21   | namelastname112: вирмбейн лежит
 96859 | Zig:22   | Entered Level 22 of a ziggurat
 96945 | Zig:22   | Got a brightly glowing lapis lazuli ring
 96946 | Zig:22   | Identified the ring "Husijufi" {Ice Stlth+} (You found it on level 22 of a ziggurat)
 96969 | Zig:22   | Identified a -1 rod of inaccuracy (14/14) (You found it on level 22 of a ziggurat)
 96972 | Zig:22   | Got a brightly glowing ivory ring
 96973 | Zig:22   | Identified the ring "Vioh" {rElec Str+6} (You found it on level 22 of a ziggurat)
 96983 | Zig:22   | Identified the Almanac of Malediction and Clay
 97063 | Zig:23   | Entered Level 23 of a ziggurat
 97084 | Zig:23   | Reached skill level 27 in Charms
 97084 | Zig:23   | Reached skill level 1 in Polearms
 97089 | Zig:23   | Reached skill level 5 in Polearms
 97125 | Zig:23   | Got a sparkling silver ring
 97126 | Zig:23   | Identified the ring of Ezyimih {-Tele rPois rC++ rN+ Int+4} (You found it on level 23 of a ziggurat)
 97130 | Zig:23   | Got a sparkling golden ring
 97131 | Zig:23   | Identified the ring of the Exiled Beds {rCorr MP+9} (You found it on level 23 of a ziggurat)
 97143 | Zig:23   | Got a steaming glass ring
 97144 | Zig:23   | Identified the ring of No Interval {rN+ MR+} (You found it on level 23 of a ziggurat)
 97148 | Zig:23   | Identified the Collected Works on Dark Creation (You found it on level 23 of a ziggurat)
 97259 | Zig:24   | Entered Level 24 of a ziggurat
 97276 | Zig:24   | Noticed a greater mummy
 97276 | Zig:24   | Noticed a greater mummy
 97277 | Zig:24   | Noticed a greater mummy
 97281 | Zig:24   | Noticed a greater mummy
 97281 | Zig:24   | Noticed a greater mummy
 97283 | Zig:24   | Killed a greater mummy
 97286 | Zig:24   | Noticed a greater mummy
 97286 | Zig:24   | Killed a greater mummy
 97287 | Zig:24   | Noticed a greater mummy
 97287 | Zig:24   | Noticed a greater mummy
 97287 | Zig:24   | Killed a greater mummy
 97287 | Zig:24   | Reached skill level 10 in Polearms
 97288 | Zig:24   | Killed a greater mummy
 97289 | Zig:24   | Killed a greater mummy
 97291 | Zig:24   | Noticed a greater mummy
 97291 | Zig:24   | Killed a greater mummy
 97291 | Zig:24   | Killed a greater mummy
 97292 | Zig:24   | Killed a greater mummy
 97292 | Zig:24   | Killed a greater mummy
 97293 | Zig:24   | jacquesderrida: СКОЛЬКО СИЛЫ НУЖНО ДЛЯ ПЕРЛЕРА
 97293 | Zig:24   | Killed a greater mummy
 97294 | Zig:24   | jacquesderrida: ??PDA
 97294 | Zig:24   | beem: pearl dragon armour[1/2]: 10AC, 11ER, rN+.
 97296 | Zig:24   | Noticed a greater mummy
 97297 | Zig:24   | jacquesderrida: CHE!!!!
 97298 | Zig:24   | Noticed a greater mummy
 97299 | Zig:24   | Killed a greater mummy
 97300 | Zig:24   | jacquesderrida: ??plate
 97300 | Zig:24   | beem: plate armour[1/2]: 10AC, 18ER.
 97301 | Zig:24   | jacquesderrida: ??gda
 97301 | Zig:24   | beem: gold dragon armour[1/4]: 12AC, 23ER, rF+ rC+ rPois. Can be created by enchanting a gold dragon hide.
 97302 | Zig:24   | Killed a greater mummy
 97303 | Zig:24   | jacquesderrida: 11 силы????
 97305 | Zig:24   | Noticed a greater mummy
 97306 | Zig:24   | jacquesderrida: ??scale mail
 97306 | Zig:24   | Noticed a greater mummy
 97306 | Zig:24   | Noticed a greater mummy
 97307 | Zig:24   | beem: scale mail[1/1]: 6AC, 10 ER.
 97307 | Zig:24   | Killed a greater mummy
 97309 | Zig:24   | Killed a greater mummy
 97311 | Zig:24   | Noticed a greater mummy
 97311 | Zig:24   | Killed a greater mummy
 97312 | Zig:24   | Killed a greater mummy
 97315 | Zig:24   | Reached skill level 15 in Polearms
 97316 | Zig:24   | Noticed a greater mummy
 97316 | Zig:24   | Noticed a greater mummy
 97317 | Zig:24   | Killed a greater mummy
 97317 | Zig:24   | Killed a greater mummy
 97318 | Zig:24   | Noticed a greater mummy
 97319 | Zig:24   | Killed a greater mummy
 97627 | Zig:24   | Got a heavily runed pewter ring
 97628 | Zig:24   | Identified the ring "Huvim" {rF+ MR+} (You found it on level 24 of a ziggurat)
 97689 | Zig:25   | Entered Level 25 of a ziggurat
 97701 | Zig:25   | Noticed an ancient lich
 97705 | Zig:25   | Killed an ancient lich
 97708 | Zig:25   | Noticed an ancient lich
 97712 | Zig:25   | Killed an ancient lich
 97718 | Zig:25   | Noticed an ancient lich
 97719 | Zig:25   | Noticed an ancient lich
 97720 | Zig:25   | Noticed an ancient lich
 97720 | Zig:25   | Killed an ancient lich
 97721 | Zig:25   | Killed an ancient lich
 97723 | Zig:25   | Killed an ancient lich
 97725 | Zig:25   | Killed an ancient lich
 97725 | Zig:25   | Killed an ancient lich
 97729 | Zig:25   | Killed an ancient lich
 97771 | Zig:25   | Identified the Catalogue of Ice and Transmigration (You found it on level 25 of a ziggurat)
 97775 | Zig:25   | Identified the Papyrus of Unholy Transformation
 97787 | Zig:26   | Entered Level 26 of a ziggurat
 97832 | Zig:26   | incide: ебать какие повторные зиги все-таки гигантские
 97835 | Zig:26   | namelastname112: да пиздец
 97835 | Zig:26   | namelastname112: знаешь, как меня заебало
 98084 | Zig:26   | Gained mutation: Your flesh is very heat resistant. [potion of beneficial mutation]
 98102 | Zig:26   | Got a pitted cloak
 98103 | Zig:26   | Identified the +1 cloak "Mewem" {MR+} (You found it on level 26 of a ziggurat)
 98114 | Zig:27   | Entered Level 27 of a ziggurat
 98132 | Zig:27   | Noticed an ancient lich
 98136 | Zig:27   | Killed an ancient lich
 98141 | Zig:27   | Noticed an ancient lich
 98141 | Zig:27   | Killed an ancient lich
 98141 | Zig:27   | Killed an ancient lich
 98142 | Zig:27   | Killed an ancient lich
 98145 | Zig:27   | Noticed an ancient lich
 98149 | Zig:27   | Killed an ancient lich
 98153 | Zig:27   | Noticed an ancient lich
 98157 | Zig:27   | Killed an ancient lich
 98162 | Zig:27   | Reached skill level 27 in Polearms
 98175 | Zig:27   | incide: уже полеармы и посохи нааутировал, лол
 98198 | Geh:7    | incide: а, ради вирмбейна
 98225 | Geh:7    | incide: ??asmodeus
 98226 | Geh:7    | beem: asmodeus[1/1]: Casts hellfire, and summons hellions, brimstone fiends, balrugs and assorted fiery popcorn. Guards the obsidian rune, and drops the Sceptre of Asmodeus when killed.
 98241 | Geh:7    | incide: @??asmodeus
 98250 | Geh:7    | beem: Asmodeus (&)
                  | Spd:
    10 | HD: 17   | HP: 369-546
                  | AC/EV: 30/7
                  | Dam: 50
                  | demonic, weapons, items, doors, fighter, unholy, see invisible, fly
                  | Res: magic(immune), damnation, fire+++, elec, poison, rot, neg+++, torm
                  | Vul: holy++
                  | XP: 15642
                  | Sp: b.fire (3d26) [!sil], hurl damnation (3d20) [!sil], fire summon [!sil]
                  | Sz: Large
                  | Int: human.
 98356 | Geh:7    | Got a warped ruby amulet
 98365 | Geh:7    | Noticed Asmodeus
 98397 | Geh:7    | Killed Asmodeus
 98446 | Geh:7    | Got an obsidian rune of Zot
 98479 | Hell     | incide: чо там осталось, коцит?
 98483 | Hell     | namelastname112: ага
 98659 | Hell     | Found a gateway to the freezing wastes of Cocytus.
 98671 | Coc:1    | Entered Level 1 of Cocytus
 98780 | Coc:7    | Entered Level 7 of Cocytus
 99024 | Coc:7    | Noticed Antaeus
 99030 | Coc:7    | namelastname112: Antaeus is burned terribly!
 99030 | Coc:7    | namelastname112: вот лох
 99030 | Coc:7    | namelastname112: нет бы как братишки его
 99030 | Coc:7    | namelastname112: научиться резистить
 99030 | Coc:7    | namelastname112: дебил блять
 99031 | Coc:7    | jacquesderrida: AC: 40
 99032 | Coc:7    | jacquesderrida: LAL
 99033 | Coc:7    | Killed Antaeus
 99036 | Coc:7    | jacquesderrida: MANY AN AC
 99096 | Coc:7    | Got an icy rune of Zot
 99118 | Coc:7    | incide: лол, антей с плутонием ходил
 99406 | Depths:3 | incide: ну чо, все 15?
 99466 | Depths:4 | namelastname112: ой блять
 99466 | Depths:4 | namelastname112: еще депсы чистить
 99466 | Depths:4 | namelastname112: как я заебался
 99469 | Depths:4 | namelastname112: все, да
 99472 | Depths:4 | incide: да чо там чистить, z-z-enter
 99671 | Depths:4 | incide: можешь вирмбейном их
 99672 | Depths:5 | Entered Level 5 of the Depths
 99673 | Depths:5 | incide: ради лулзов
 99817 | Depths:5 | Found a gate to the Realm of Zot.
 99823 | Zot:1    | Entered Level 1 of the Realm of Zot
 99841 | Zot:1    | namelastname112: The helpless fire dragon fails to defend itself. You perforate the fire dragon like a sieve!!!!!!
 99841 | Zot:1    | namelastname112: ??! [2
 99841 | Zot:1    | incide: !!!!!!
 99841 | Zot:1    | beem: ]![2/3]: If you hit something and the message ends with !, that means you did 7-17 damage. !!: 18-35. !!!: 36-71. !!!!: 72-143. !!!!!: 144-287. !!!!!!: 288+; and so on. Yikes!
 99841 | Zot:1    | incide: солидно
100083 | Zot:2    | incide: SOLIDNY SNAEK
100116 | Zot:4    | incide: вообще интересно, как драки могут с вирмбейном ходить
100121 | Zot:4    | namelastname112: там месседж клевый
100121 | Zot:4    | incide: это ж по логике как холи для андедов
100121 | Zot:4    | namelastname112: когда в руку берешь
100121 | Zot:4    | namelastname112: смотри
100123 | Zot:4    | incide: лол
100148 | Zot:4    | Alatreon: yo jd
100186 | Zot:5    | Entered Level 5 of the Realm of Zot
100245 | Zot:5    | incide: эх, почти в 100к уложился
100283 | Zot:5    | xeno23: просто в зигах аутировать надо было меньше
100324 | Zot:5    | Noticed an ancient lich
100327 | Zot:5    | incide: кстати, если пирамидку зига эвокнуть на выходе из данжа
100327 | Zot:5    | Killed an ancient lich
100333 | Zot:5    | xeno23: то все
100335 | Zot:5    | xeno23: не выйдешь никогда
100338 | Zot:5    | Noticed an orb of fire
100342 | Zot:5    | Killed an orb of fire
100343 | Zot:5    | incide: зиг переписывает клетку или спавнится сразу рядом?
100343 | Zot:5    | namelastname112: не эвокнется
100343 | Zot:5    | xeno23: ну или она просто рядом заспавнит
100343 | Zot:5    | namelastname112: скажет, что низя здесь
100353 | Zot:5    | Alatreon: so this is a russian server?
100357 | Zot:5    | incide: DA
100368 | Zot:5    | xeno23: cyka blyat
100378 | Zot:5    | incide: idi naxooi
100380 | Zot:5    | namelastname112: yep alat
100380 | Zot:5    | namelastname112: i am
100405 | Zot:5    | incide: I AM RUSSIAN SERVER
100419 | Zot:5    | Got the Orb of Zot
100420 | Zot:5    | Noticed an orb of fire
100420 | Zot:5    | Noticed an ancient lich
100426 | Zot:5    | Killed an ancient lich
100429 | Zot:5    | Noticed an ancient lich
100430 | Zot:5    | Killed an orb of fire
100440 | Zot:5    | Alatreon: wierd, I just came here for jd
100440 | Zot:5    | Killed an ancient lich
100447 | Zot:5    | incide: jd is also russian btw
100475 | Zot:5    | incide: or some other xussr
100509 | Zot:4    | Alatreon: ?? cxo
100514 | Zot:4    | beem: I don't have a page labeled cxo in my learndb. Did you mean: cao, cbo, cdo, co, cpo, cxc, cßo.
100521 | Zot:4    | Alatreon: ?? cxc
100525 | Zot:4    | beem: cXc[1/2]: Server in France: CRAWL.XTAHUA.COM -- ssh port 22, username crawl, uses CAO key (available at http://CRAWL.XTAHUA.COM/crawl/keys/). Webtiles address: http://CRAWL.XTAHUA.COM
100526 | Zot:4    | incide: COMRADE ZHAK DERRIDOV
101138 | D:7      | Alatreon: I need a memey ruski player in my team
101149 | D:7      | Alatreon: and JD is most memey
101187 | D:5      | incide: that he is
101253 | D:5      | epen: 15?
101256 | D:5      | incide: ахаххаа
101268 | D:5      | incide: стены он лечит
101305 | D:4      | namelastname112: ага
101305 | D:4      | namelastname112: сам охуел
101329 | D:3      | incide: ПЕРЕШТУКАТУРИЛ
101395 | D:1      | Noticed Epsackan the pandemonium lord
101402 | D:1      | incide: вот что фш животворящий с людьми делает
101402 | D:1      | Killed Epsackan the pandemonium lord
101517 | D:$      | Escaped with the Orb!

Vault maps used:
D:1:      lightli_arrival_quake, moated_statue, minmay_misc_feat_plants,
          kennysheep_boxes
D:2:      uniq_natasha, uniq_iyjb
D:3:      first_bread
D:4:      bloody_trog, nicolae_tso_besieged_by_evil, uniq_duvessa
D:5:      minmay_temple_entry_trees, hex_intersection, uniq_grinder
D:6:      led_sif_pool, uniq_edmund
D:7:      enter_ossuary_1
D:8:      lair_0_dummy, kennysheep_generic_room_9
D:9:      serial_shops, nicolae_shop_behind_doors
D:10:     minmay_ornate_pinched, hangedman_pestilent_swarm
D:11:     uniq_maurice
D:12:     david_orc_3, serial_shops, shop,
          nicolae_shop_competitors_out_of_business,
          nicolae_shop_competitors_out_of_business, shop, kennysheep_mini_moat,
          basic_altar
D:14:     erik_vaults_1, lemuel_statue_altar, solitary_fountain,
          due_unseen_surprise
D:15:     gammafunk_depths_entry_grave, hangedman_decor_peaks_small,
          due_unseen_surprise, uniq_rupert, uniq_azrael
Temple:   grunt_circular_temple_18
Lair:1:   lemuel_fruit_tree
Lair:2:   minivault_27
Lair:3:   minmay_stone_trees_medium
Lair:5:   nicolae_spider_entry_tight_spaces, portal_ice_cave_entry_pillars_03,
          grunt_megastairs_5
Lair:6:   swamp_mist_pool, uniq_nessos
Lair:7:   minmay_slime_entry_oklob_open, grunt_megastairs_2,
          infiniplex_staircase_pool_2
Lair:8:   hangedman_lair_tendril_chambers, wormcave, serial_bayou_pond_b,
          serial_bayou_pond_a, st_stairs_12
Swamp:1:  evilmike_swamp_ruin_house_4, swamp_pool4, uniq_donald
Swamp:2:  evilmike_swamp_ruin_rubble_2
Swamp:3:  evilmike_swamp_ruin_house_2
Swamp:4:  swamp_alternative, infiniplex_staircase_pool
Spider:1: nicolae_spider_circle_web, uniq_roxanne
Spider:2: nicolae_spider_hall_of_the_moth_king, spider_trap, uniq_arachne
Spider:3: cheibrodos_spider_creepycove, nicolae_spider_nook
Spider:4: spider_rune_water
Slime:1:  nicolae_slime_phagocytosis
Slime:5:  cheibrodos_slime_lost_civilization_5
Orc:1:    guppyfry_orc_lava_fort
Orc:2:    st_orc_pillars, uniq_sonja
Elf:1:    eino_elf_arrival_altar, minmay_elf_demonology, grunt_megastairs_4
Elf:2:    serial_shops, shop, basic_altar, basic_stair_grate_trap
Elf:3:    minmay_elf_hall_spiked, serial_shops, shop, nicolae_shop_stone,
          uniq_mara
Vaults:1: dpeg_vaults_monster_row, ontoclasm_vaults_shuriken,
          hangedman_vaults_restitches, v_alt_pattern_5, vaults_room_large_hall,
          vaults_room_ringed_pool, v_misc_4, ontoclasm_vaults_tryst, v_misc_3,
          nicolae_vaults_theta, grunt_vaults_diagonal, vaults_standard_mumra_x
Vaults:2: nicolae_vaults_display_case, v_rooms_5, hangedman_vaults_corner,
          v_pattern_3, vaults_dpeg_diagonal, uniq_asterion
Vaults:3: grunt_vaults_bifocal, v_misc_3, hangedman_vaults_stretched_pinwheel,
          vaults_dpeg_hooks, minmay_crypt_entry_simple_corners, v_misc_5,
          serial_shops, shop_statue, nicolae_shop_crystal, nicolae_shop_stone
Vaults:4: hangedman_vaults_river_flow, nicolae_vaults_three_branches,
          vaults_mumra_chevron, ontoclasm_vaults_twist, v_pattern_5,
          nicolae_vaults_angled_halls, vaults_standard_mumra_lines,
          ontoclasm_vaults_idyll, v_misc_3, ontoclasm_vaults_shout, v_misc_2,
          serial_shops, shop
Vaults:5: uniq_wiglaf, uniq_xtahua, uniq_boris
Crypt:1:  st_stairs_3, grunt_crypt_arrival_webbed
Crypt:2:  grunt_ministairs_1, st_stairs_7, uniq_mennas
Crypt:3:  lightli_unholy_cathedral, lightli_enter_wizlab_magi_temple,
          nicolae_crypt_ancient_font, minivault_5, lemuel_freeze_loot_1
Tomb:3:   uniq_frederick
Depths:1: enter_ziggurat_c, hangedman_abyss_or_decor_jellyfish_corner,
          hell_entry, serial_shops, shop, nicolae_benzene_ring, ice2_lemuel,
          uniq_norris
Depths:2: kennysheep_large_spiral, grunt_hell_entry_dis_grunt,
          minmay_misc_feat_enclosed, infiniplex_staircase_pool_lava
Depths:3: hangedman_cross_stitches, serial_shops, shop, rand_demon_pan_entry_9,
          abyss_entry, hell_entry
Depths:4: kennysheep_cluttered_fort, abyss_entry, hell_entry, minivault_16,
          kennysheep_generic_room_3
Depths:5: evilmike_zot_entry_hall, lightli_too_deep, rand_demon_pan_entry_3,
          minmay_misc_feat_diagonals, serial_bayou_lake_a
Dis:7:    iron_city_of_dis
Geh:3:    lemuel_flamethrower_3
Geh:5:    hangedman_hellfire_club
Geh:7:    geh_old
Coc:3:    lemuel_elevator
Coc:7:    coc_hangedman
Tar:2:    nicolae_tar_cuneiform_oil
Tar:3:    nicolae_tar_cuneiform_heaven
Tar:6:    grunt_megastairs_3
Tar:7:    tar_old
Abyss:1:  evilmike_abyss_exit_smiterflies
Abyss:2:  evilmike_abyss_exit_3
Abyss:3:  evilmike_abyss_rune_elephants, minivault_28, minivault_4
Abyss:4:  bh_abyss_exit_choice, eino_small_chamber_without_monster,
          guppyfry_abyss_exit_spiral_guarded
Abyss:5:  evilmike_abyss_exit_7, evilmike_abyss_exit_kraken,
          evilmike_abyss_exit_vortex, hangedman_decor_points,
          hangedman_stitches_earthworm
Pan:      pan_disco_hall, evilmike_mini_pan_possible_glass, mnoleg,
          rand_demon_1, evilmike_mini_pan_thingy, evilmike_mini_pan_doors,
          pan_captured_pigsty, nicolae_pan_glass_arcs,
          nicolae_pan_gloorx_vloqian_1, nicolae_pan_giant_door,
          grunt_pan_zigzag, uniq_ignacio, nicolae_pan_cerebovesque_3,
          reaverb_pan_squares, evilmike_mini_pan_corner, uniq_ignacio,
          nicolae_pan_gloorx_vloqian_4, evilmike_mini_pan_pillars,
          grunt_pan_frozen_over, lom_lobon_grunt, rand_demon_1,
          evilmike_mini_pan_thingy, nicolae_pan_mnolegish_1,
          evilmike_mini_pan_corridor, evilmike_holy_pan,
          evilmike_mini_pan_thingy, pan_blood_fountain,
          evilmike_mini_pan_pillars_b, nicolae_pan_lom_lobonic_2, rand_demon_8,
          cerebov_grunt, pan_blood_fountain_2, grunt_pan_in_and_out,
          evilmike_gloorx_vloq_box, uniq_cerebov
Zig:7:    ziggurat_loot_1
Zig:11:   ziggurat_pillar_centre_dead_trees, ziggurat_loot_1
Zig:14:   ziggurat_pillar_centre_smoke
Zig:15:   ziggurat_pillar_centre_c
Zig:19:   ziggurat_loot_3
Zig:22:   ziggurat_loot_2
Zig:23:   ziggurat_pillar_centre_oklobs, ziggurat_loot_3
Zig:24:   ziggurat_pillar_centre_more_plants
Zig:25:   ziggurat_loot_1
Zig:27:   ziggurat_pillar_centre_drop
Ossuary:  ossuary_due_pyramid
IceCv:    ice_cave_statue_garden_01
WizLab:   wizlab_cigotuvi

Skill      XL: |  1  2  3  4  5  6  7  8  9 10 11 12 13 14 15 16 17 18 19 20 21 22 23 24 25 26 27 |
---------------+----------------------------------------------------------------------------------+-----
Spellcasting   | 3 4 5 7 8 9 10 11 12 13 14 15 16 17 27 | 27.0
Conjurations   | 5 6 7 8 9 10 11 12 13 14 15 16 17 18 19 27 | 27.0
Charms         | 2 3 5 7 9 10 27 | 27.0
Fire Magic     | 7 11 13 15 16 17 18 20 21 22 27 | 27.0
Dodging        | 3 5 7 8 9 10 11 12 27 | 27.0
Fighting       | 2 5 8 9 10 11 12 13 14 27 | 27.0
Evocations     | 5 6 7 10 11 12 27 | 27.0
Shields        | 4 5 25 | 25.6
Necromancy     | 5 11 20 | 20.0
Transmutations | 5 11 18 | 18.3
Staves         | 27 | 27.0
Hexes          | 4 |  4.3
Polearms       | 27 | 27.0
Stealth        | |  1.7

Action                   |  1- 3 |  4- 6 |  7- 9 | 10-12 | 13-15 | 16-18 | 19-21 | 22-24 | 25-27 || total
-------------------------+-------+-------+-------+-------+-------+-------+-------+-------+-------++-------
Melee: Unarmed           |    10 |       |       |       |       |       |       |       |       ||    10
       Short sword       |    32 |     4 |       |       |       |       |       |       |       ||    36
       Tailslap          |     9 |     6 |     4 |     3 |     9 |     4 |    11 |       |   240 ||   286
       Dagger            |       |    35 |    27 |    23 |       |       |       |       |       ||    85
       Staff             |       |       |       |     7 |    41 |    22 |    58 |       |   964 ||  1092
       Lance             |       |       |       |       |       |       |       |       |   131 ||   131
 Cast: Magic Dart        |    59 |    99 |   292 |   257 |       |       |     1 |       |       ||   708
       Searing Ray       |     1 |    12 |    27 |    20 |     1 |       |       |       |       ||    61
       Iskenderun's Batt |       |       |    10 |    40 |       |       |       |       |       ||    50
       Fireball          |       |       |       |   195 |   568 |   745 |   377 |       |    31 ||  1916
       Sticky Flame      |       |       |       |    18 |    12 |     4 |       |       |     1 ||    35
       Bolt of Magma     |       |       |       |       |    45 |   147 |   235 |       |   205 ||   632
       Delayed Fireball  |       |       |       |       |     3 |     9 |     4 |       |     1 ||    17
       Fire Storm        |       |       |       |       |       |     4 |   156 |    58 |  2321 ||  2539
       Ring of Flames    |       |       |       |       |       |    22 |     4 |       |    41 ||    67
       Deflect Missiles  |       |       |       |       |       |       |     6 |       |     8 ||    14
       Necromutation     |       |       |       |       |       |       |       |       |   251 ||   251
       Blink             |       |       |       |       |       |       |       |       |   134 ||   134
       Orb of Destructio |       |       |       |       |       |       |       |       |    47 ||    47
       Apportation       |       |       |       |       |       |       |       |       |     1 ||     1
       Invisibility      |       |       |       |       |       |       |       |       |     1 ||     1
 Abil: Breathe Fire      |       |       |    10 |     2 |     5 |     7 |     8 |       |       ||    32
       Release Delayed F |       |       |       |       |     2 |     8 |     4 |       |       ||    14
       End Transformatio |       |       |       |       |       |       |       |       |     5 ||     5
       Fly               |       |       |       |       |       |       |       |       |     2 ||     2
       Stop Flying       |       |       |       |       |       |       |       |       |     1 ||     1
Evoke: Deck              |       |       |       |     2 |     4 |     2 |    25 |     2 |    66 ||   101
       Wand              |       |       |       |       |       |     4 |     1 |     2 |    59 ||    66
       Staff of energy   |       |       |       |       |       |       |    29 |     8 |   302 ||   339
       Crystal ball of e |       |       |       |       |       |       |       |       |   274 ||   274
       Staff of Dispater |       |       |       |       |       |       |       |       |    21 ||    21
       Box of beasts     |       |       |       |       |       |       |       |       |    11 ||    11
       Sack of spiders   |       |       |       |       |       |       |       |       |     4 ||     4
       Figurine of a zig |       |       |       |       |       |       |       |       |     3 ||     3
       Rod               |       |       |       |       |       |       |       |       |     2 ||     2
  Use: Scroll            |       |       |    22 |     9 |    10 |     9 |    17 |     4 |   166 ||   237
       Potion            |       |       |     5 |     2 |     3 |    10 |     1 |     5 |    40 ||    66
 Stab: Sleeping          |       |       |       |       |       |       |       |       |    11 ||    11
       Distracted        |       |       |       |       |       |       |       |       |     7 ||     7
  Eat: Chunk             |     1 |     8 |    13 |    61 |    87 |    40 |    34 |     1 |     1 ||   246
       Pizza             |       |       |     2 |       |     1 |     3 |       |       |     4 ||    10
       Meat ration       |       |       |     1 |       |     6 |    12 |     1 |       |     4 ||    24
       Beef jerky        |       |       |       |     2 |       |     6 |     2 |     1 |     2 ||    13
       Royal jelly       |       |       |       |     6 |     6 |       |     1 |       |     8 ||    21
       Fruit             |       |       |       |     2 |     6 |       |       |       |       ||     8
       Bread ration      |       |       |       |       |       |     3 |       |       |     1 ||     4
Armor: Skin              |    18 |    31 |    48 |    70 |    54 |   141 |    71 |     1 |   565 ||   999
Dodge: Dodged            |    31 |    69 |    62 |    88 |   134 |   339 |   269 |     2 |  2638 ||  3632
       Deflected         |       |       |       |       |       |       |    34 |     1 |   115 ||   150
Block: Buckler           |       |       |       |       |       |    78 |    98 |       |  1214 ||  1390
